Workbook

Sheet Resumen
C1: RESUMEN PRESUPUESTO CONSULTORÍA
C3: ESTUDIOS Y DISEÑOS PARA EL MEJORAMIENTO DE LA CARRETERA ENTRE LA VEREDA LA GUAYACANA PR0 + 85 DE LA RUTA 10 TRAMO 1001 A LA CABECERA DEL MUNICIPIO DE ROBERTO PAYAN, DEPARTAMENTO DE NARIÑO.
K7: VOLUMEN I. | L7: VOLUMEN II. | M7: VOLUMEN III. | N7: VOLUMEN IV. | O7: VOLUMEN V. | P7: VOLUMEN VI. | Q7: VOLUMEN VII. | R7: VOLUMEN VIII. | S7: VOLUMEN IX. | T7: VOLUMEN X. | U7: VOLUMEN XI. | V7: VOLUMEN XII. | W7: VOLUMEN XIII. | X7: VOLUMEN XIV. | Y7: VOLUMEN XV. | Z7: VOLUMEN XVI. | AA7: VOLUMEN XVII. | AB7: VOLUMEN XVIII. | AC7: VOLUMEN XIX. | AD7: VOLUMEN XX. | AE7: VOLUMEN XXI.
A8: CARGO/OFICIO | D8: VOLUMEN | E8: SUELDO MENSUAL (1) | F8: CANTIDAD (Personas) (2) | G8: TIEMPO (Meses) (3) | H8: PARTICIPACIÓN TOTAL (%Mes) (4) | I8: VALOR PARCIAL (1)*(2)*(3)*(4)= (5) | K8: ESTUDIO DE TRÁNSITO, CAPACIDAD Y NIVELES DE SERVICIO. | L8: ESTUDIO DE TOPOGRAFIA, INCLUYE REDES SECAS E HIDROSANITARIAS. | M8: ESTUDIO DE TRAZADO Y DISEÑO GEOMETRICO DEL CORREDOR VIAL ESCOGIDO Y SUS INTERSECCIONES. | N8: ESTUDIO DE GEOLOGÍA Y GEOMORFOLOGIA. | O8: ESTUDIO DE HIDROGEOLOGIA LOCAL. | P8: ESTUDIO DE ESTABILIDAD Y ESTABILIZACIÓN DE TALUDES, TERRAPLENES, PUNTOS CRÍTICOS, ZONAS DE DISPOSICIÓN DE MATERIALES DE EXCAVACIÓN Y SOBRANTES (ZODMES) Y FUENTES DE MATERIALES. | Q8: ESTUDIO DE GEOTÉCNIA PARA EL DISEÑO DE ESTRUCTURA DE PAVIMENTO. | R8: ESTUDIO DE GEOTÉCNIA PARA EL DISEÑO DE FUNDACIONES DE PUENTES, OTRAS ESTRUCTURAS Y OBRAS ESPECIALES. | S8: ESTUDIO DE HIDRÁULICA, HIDROLOGÍA Y SOCAVACIÓN. | T8: ESTUDIO Y DISEÑO DE PAVIMENTOS. | U8: ESTUDIO DE SEÑALIZACION VIAL Y SEGURIDAD VIAL. | V8: ESTUDIO Y DISEÑO DE ESTRUCTURAS. | W8: ESTUDIOS DE URBANISMO Y PAISAJISMO. | X8: ESTUDIOS DE ANÁLISIS Y GESTIÓN DE RIESGOS. | Y8: ESTUDIO AMBIENTAL Y SOCIAL. | Z8: ESTUDIO DE GESTIÓN PREDIAL. | AA8: ESTUDIO DE SOSTENIBILIDAD. | AB8: ESTUDIO TECNICO BIM. | AC8: ESTUDIO DE ESTIMACION DE CANTIDADES DE OBRAS, ANALISIS DE PRECIOS UNITARIOS, COSTOS Y PRESUPUESTO. | AD8: ESTUDIO DE EVALUACIÓN SOCIOECONÓMICA Y FINANCIERA. | AE8: INFORME FINAL EJECUTIVO.
A9: PERSONAL PROFESIONAL
K10: 1 | L10: 2 | M10: 3 | N10: 4 | O10: 5 | P10: 6 | Q10: 7 | R10: 8 | S10: 9 | T10: 10 | U10: 11 | V10: 12 | W10: 13 | X10: 14 | Y10: 15 | Z10: 16 | AA10: 17 | AB10: 18 | AC10: 19 | AD10: 20 | AE10: 21
A11: =Salarios!A9 -> Director general de consultoría | D11: Proyecto | E11: =Salarios!E9 -> 9252750 | F11: 1 | G11: 6 | H11: 100 | I11: =PRODUCT(E11:G11,H11%) -> 55516500 | K11: =$I$11/21 -> 2643642.9 | L11: =$I$11/21 -> 2643642.9 | M11: =$I$11/21 -> 2643642.9 | N11: =$I$11/21 -> 2643642.9 | O11: =$I$11/21 -> 2643642.9 | P11: =$I$11/21 -> 2643642.9 | Q11: =$I$11/21 -> 2643642.9 | R11: =$I$11/21 -> 2643642.9 | ... AE11: =$I$11/21 -> 2643642.9 | AF11: =SUM(K11:AE11) -> 55516500
A12: =Salarios!A10 -> Residente de consultoría | D12: Proyecto | E12: =Salarios!E10 -> 5694000 | F12: 1 | G12: 6 | H12: 100 | I12: =PRODUCT(E12:G12,H12%) -> 34164000 | K12: =$I$12/21 -> 1626857.1 | L12: =$I$12/21 -> 1626857.1 | M12: =$I$12/21 -> 1626857.1 | N12: =$I$12/21 -> 1626857.1 | O12: =$I$12/21 -> 1626857.1 | P12: =$I$12/21 -> 1626857.1 | Q12: =$I$12/21 -> 1626857.1 | R12: =$I$12/21 -> 1626857.1 | ... AE12: =$I$12/21 -> 1626857.1 | AF12: =SUM(K12:AE12) -> 34164000
A13: =Salarios!A11 -> Especialista en tránsito | D13: I, XXI | E13: =Salarios!E12 -> 8541000 | F13: 1 | G13: 6 | H13: 100 | I13: =PRODUCT(E13:G13,H13%) -> 51246000 | K13: =+$I13*0.95 -> 48683700 | AE13: =+$I13*0.05 -> 2562300 | AF13: =SUM(K13:AE13) -> 51246000
A14: =Salarios!A13 -> Especialista diseño de vías | D14: III, XXI | E14: =Salarios!E13 -> 8541000 | F14: 1 | G14: 6 | H14: 100 | I14: =PRODUCT(E14:G14,H14%) -> 51246000 | M14: =+$I14*0.95 -> 48683700 | AE14: =+$I14*0.05 -> 2562300 | AF14: =SUM(K14:AE14) -> 51246000
A15: =+Salarios!A14 -> Especialista en Sistemas de Información Geográfica - SIG. | D15: II, III, XXI | E15: =Salarios!E15 -> 7117500 | F15: 1 | G15: 6 | H15: 70 | I15: =PRODUCT(E15:G15,H15%) -> 29893500 | L15: =+$I15*0.95/2 -> 14199412 | M15: =+$I15*0.95/2 -> 14199412 | AE15: =+$I15*0.05 -> 1494675 | AF15: =SUM(K15:AE15) -> 29893500
A16: =Salarios!A15 -> Especialista geología | D16: IV, VI, XIV, XXI | E16: =Salarios!E15 -> 7117500 | F16: 1 | G16: 6 | H16: 70 | I16: =PRODUCT(E16:G16,H16%) -> 29893500 | N16: =+($I$16*0.95)/3 -> 9466275 | P16: =+($I$16*0.95)/3 -> 9466275 | X16: =+($I$16*0.95)/3 -> 9466275 | AE16: =+($I$16*0.05) -> 1494675 | AF16: =SUM(K16:AE16) -> 29893500
A17: =Salarios!A16 -> Especialista hidrológico e hidráulico | D17: V, IX, XIV, XXI | E17: =Salarios!E16 -> 7117500 | F17: 1 | G17: 6 | H17: 70 | I17: =PRODUCT(E17:G17,H17%) -> 29893500 | O17: =+($I$17*0.95)/3 -> 9466275 | S17: =+($I$17*0.95)/3 -> 9466275 | X17: =+($I$17*0.95)/3 -> 9466275 | AE17: =+($I$17*0.05) -> 1494675 | AF17: =SUM(K17:AE17) -> 29893500
A18: =Salarios!A17 -> Especialista suelos o geotécnia | D18: VII, VIII, XXI | E18: =Salarios!E17 -> 8541000 | F18: 1 | G18: 6 | H18: 70 | I18: =PRODUCT(E18:G18,H18%) -> 35872200 | Q18: =+($I$18*0.95)/2 -> 17039295 | R18: =+($I$18*0.95)/2 -> 17039295 | AE18: =+($I$18*0.05) -> 1793610 | AF18: =SUM(K18:AE18) -> 35872200
A19: =Salarios!A19 -> Especialista diseño de pavimentos | D19: X, XXI | E19: =Salarios!E19 -> 8541000 | F19: 1 | G19: 6 | H19: 70 | I19: =PRODUCT(E19:G19,H19%) -> 35872200 | T19: =+I19*0.95 -> 34078590 | AE19: =+I19*0.05 -> 1793610 | AF19: =SUM(K19:AE19) -> 35872200
A20: =Salarios!A20 -> Especialista estructural | D20: XII, XXI | E20: =Salarios!E20 -> 8541000 | F20: 1 | G20: 6 | H20: 70 | I20: =PRODUCT(E20:G20,H20%) -> 35872200 | V20: =+I20*0.95 -> 34078590 | AE20: =+I20*0.05 -> 1793610 | AF20: =SUM(K20:AE20) -> 35872200
A21: =Salarios!A21 -> Especialista diseño paisajístico | D21: XIII, XXI | E21: =Salarios!E21 -> 7117500 | F21: 1 | G21: 6 | H21: 70 | I21: =PRODUCT(E21:G21,H21%) -> 29893500 | W21: =+I21*0.95 -> 28398825 | AE21: =+I21*0.05 -> 1494675 | AF21: =SUM(K21:AE21) -> 29893500
A22: Especialista en gestión del riesgo | D22: XIV, XXI | E22: =Salarios!E22 -> 7117500 | F22: 1 | G22: 6 | H22: 100 | I22: =PRODUCT(E22:G22,H22%) -> 42705000 | X22: =+I22*0.95 -> 40569750 | AE22: =+I22*0.05 -> 2135250 | AF22: =SUM(K22:AE22) -> 42705000
A23: =+Salarios!A23 -> Coordinador ambiental | D23: XV, XXI | E23: =+Salarios!E19 -> 8541000 | F23: 1 | G23: 6 | H23: 100 | I23: =PRODUCT(E23:G23,H23%) -> 51246000 | Y23: =+I23*0.95 -> 48683700 | AE23: =+I23*0.05 -> 2562300 | AF23: =SUM(K23:AE23) -> 51246000
A24: =+Salarios!A24 -> Especialista en Evaluación Económica de Proyectos. | D24: XX, XXI | E24: =+Salarios!E23 -> 7117500 | F24: 1 | G24: 6 | H24: 100 | I24: =PRODUCT(E24:G24,H24%) -> 42705000 | AD24: =+I24*0.95 -> 40569750 | AE24: =+I24*0.05 -> 2135250 | AF24: =SUM(K24:AE24) -> 42705000
A25: =+Salarios!A25 -> Especialista BIM. | D25: Proyecto | E25: =+Salarios!E25 -> 7117500 | F25: 1 | G25: 6 | H25: 100 | I25: =PRODUCT(E25:G25,H25%) -> 42705000 | K25: =$I$25/21 -> 2033571.4 | L25: =$I$25/21 -> 2033571.4 | M25: =$I$25/21 -> 2033571.4 | N25: =$I$25/21 -> 2033571.4 | O25: =$I$25/21 -> 2033571.4 | P25: =$I$25/21 -> 2033571.4 | Q25: =$I$25/21 -> 2033571.4 | R25: =$I$25/21 -> 2033571.4 | ... AE25: =$I$25/21 -> 2033571.4 | AF25: =SUM(K25:AE25) -> 42705000
A26: =+Salarios!A26 -> Coordinador predial | D26: XVI, XXI | E26: =+Salarios!E26 -> 7117500 | F26: 1 | G26: 6 | H26: 70 | I26: =PRODUCT(E26:G26,H26%) -> 29893500 | Z26: =+I26*0.95 -> 28398825 | AE26: =+I26*0.05 -> 1494675 | AF26: =SUM(K26:AE26) -> 29893500
A27: =Salarios!A27 -> Coordinador de Presupuesto | D27: XIX, XXI | E27: =Salarios!E27 -> 7117500 | F27: 1 | G27: 6 | H27: 70 | I27: =PRODUCT(E27:G27,H27%) -> 29893500 | AC27: =+I27*0.95 -> 28398825 | AE27: =+I27*0.05 -> 1494675 | AF27: =SUM(K27:AE27) -> 29893500
A28: =Salarios!A29 -> Profesional área social | D28: XV, XVI,XXI | E28: =Salarios!E29 -> 6405750 | F28: 1 | G28: 6 | H28: 100 | I28: =PRODUCT(E28:G28,H28%) -> 38434500 | Y28: =+($I$28*0.95)/2 -> 18256388 | Z28: =+($I$28*0.95)/2 -> 18256388 | AE28: =+$I$28*0.05 -> 1921725 | AF28: =SUM(K28:AE28) -> 38434500
A29: =Salarios!A30 -> Profesional en Seguridad Industrial y Seguridad en el Trabajo. | D29: Proyecto | E29: =Salarios!E30 -> 5694000 | F29: 1 | G29: 6 | H29: 100 | I29: =PRODUCT(E29:G29,H29%) -> 34164000 | K29: =$I$31/21 -> 1626857.1 | L29: =$I$31/21 -> 1626857.1 | M29: =$I$31/21 -> 1626857.1 | N29: =$I$31/21 -> 1626857.1 | O29: =$I$31/21 -> 1626857.1 | P29: =$I$31/21 -> 1626857.1 | Q29: =$I$31/21 -> 1626857.1 | R29: =$I$31/21 -> 1626857.1 | ... AE29: =$I$31/21 -> 1626857.1 | AF29: =SUM(K29:AE29) -> 34164000
A30: =Salarios!A31 -> Abogado | D30: XV, XVI, XXI | E30: =Salarios!E31 -> 5694000 | F30: 1 | G30: 6 | H30: 100 | I30: =PRODUCT(E30:G30,H30%) -> 34164000 | Y30: =+($I$30*0.95)/2 -> 16227900 | Z30: =+($I$30*0.95)/2 -> 16227900 | AE30: =+($I$30*0.05) -> 1708200 | AF30: =SUM(K30:AE30) -> 34164000
A31: =Salarios!A32 -> Contador | D31: Proyecto | E31: =Salarios!E32 -> 5694000 | F31: 1 | G31: 6 | H31: 100 | I31: =PRODUCT(E31:G31,H31%) -> 34164000 | K31: =+$I31/21 -> 1626857.1 | L31: =+$I31/21 -> 1626857.1 | M31: =+$I31/21 -> 1626857.1 | N31: =+$I31/21 -> 1626857.1 | O31: =+$I31/21 -> 1626857.1 | P31: =+$I31/21 -> 1626857.1 | Q31: =+$I31/21 -> 1626857.1 | R31: =+$I31/21 -> 1626857.1 | ... AE31: =+$I31/21 -> 1626857.1 | AF31: =SUM(K31:AE31) -> 34164000
A32: PERSONAL TÉCNICO
A33: =Salarios!A34 -> Topógrafo | D33: II, XXI | E33: =Salarios!E34 -> 6405750 | F33: 1 | G33: 6 | H33: 70 | I33: =PRODUCT(E33:G33,H33%) -> 26904150 | L33: =+I33*0.95 -> 25558942 | AE33: =+I33*0.05 -> 1345207.5 | AF33: =SUM(K33:AE33) -> 26904150
A34: PERSONAL AUXILIAR
A35: Secretaria | D35: Proyecto | E35: =+Salarios!E41 -> 2135250 | F35: 1 | G35: 6 | H35: 100 | I35: =PRODUCT(E35:G35,H35%) -> 12811500 | K35: =$I$35/21 -> 610071.43 | L35: =$I$35/21 -> 610071.43 | M35: =$I$35/21 -> 610071.43 | N35: =$I$35/21 -> 610071.43 | O35: =$I$35/21 -> 610071.43 | P35: =$I$35/21 -> 610071.43 | Q35: =$I$35/21 -> 610071.43 | R35: =$I$35/21 -> 610071.43 | ... AE35: =$I$35/21 -> 610071.43 | AF35: =SUM(K35:AE35) -> 12811500
A36: =Salarios!A36 -> Delineante de ingeniería y arquitectura | D36: II, III, , X, XI,XII, , XIII, XXI | E36: =+Salarios!E36 -> 2135250 | F36: 1 | G36: 6 | H36: 100 | I36: =PRODUCT(E36:G36,H36%) -> 12811500 | L36: =+($I$36*0.95)/6 -> 2028487.5 | M36: =+($I$36*0.95)/6 -> 2028487.5 | T36: =+($I$36*0.95)/6 -> 2028487.5 | U36: =+($I$36*0.95)/6 -> 2028487.5 | V36: =+($I$36*0.95)/6 -> 2028487.5 | W36: =+($I$36*0.95)/6 -> 2028487.5 | AE36: =+($I$36*0.05) -> 640575 | AF36: =SUM(K36:AE36) -> 12811500
A37: =Salarios!A37 -> Auxiliar de conteo | D37: I | E37: =Salarios!E37 -> 2135250 | F37: 2 | G37: 1 | H37: 100 | I37: =PRODUCT(E37:G37,H37%) -> 4270500 | K37: =+I37 -> 4270500 | AF37: =SUM(K37:AE37) -> 4270500
A38: =Salarios!A38 -> Obreros | D38: II | E38: =Salarios!E38 -> 1423500 | F38: 2 | G38: 6 | H38: 100 | I38: =PRODUCT(E38:G38,H38%) -> 17082000 | L38: =+I38 -> 17082000 | AF38: =SUM(K38:AE38) -> 17082000
A39: =Salarios!A39 -> Cadeneros | D39: II | E39: =Salarios!E39 -> 2135250 | F39: =F33*2 -> 2 | G39: =G33 -> 6 | H39: 70 | I39: =PRODUCT(E39:G39,H39%) -> 17936100 | L39: =+I39 -> 17936100 | AF39: =SUM(K39:AE39) -> 17936100
A40: =Salarios!A40 -> Profesional de apoyo | D40: Proyecto | E40: =Salarios!E40 -> 3635045.1 | F40: 1 | G40: 6 | H40: 100 | I40: =PRODUCT(E40:G40,H40%) -> 21810270 | K40: =$I$40/21 -> 1038584.3 | L40: =$I$40/21 -> 1038584.3 | M40: =$I$40/21 -> 1038584.3 | N40: =$I$40/21 -> 1038584.3 | O40: =$I$40/21 -> 1038584.3 | P40: =$I$40/21 -> 1038584.3 | Q40: =$I$40/21 -> 1038584.3 | R40: =$I$40/21 -> 1038584.3 | ... AE40: =$I$40/21 -> 1038584.3 | AF40: =SUM(K40:AE40) -> 21810270
A42: SUBTOTAL COSTO DEL PERSONAL (SUMATORIA DE (5) =(6) | I42: =SUM(I11:J40) -> 9.1306362e+08 | K42: =SUM(K11:K40) -> 64160641 | L42: =SUM(L11:L40) -> 88011384 | M42: =SUM(M11:M40) -> 76118041 | N42: =SUM(N11:N40) -> 20672716 | O42: =SUM(O11:O40) -> 20672716 | P42: =SUM(P11:P40) -> 20672716 | Q42: =SUM(Q11:Q40) -> 28245736 | R42: =SUM(R11:R40) -> 28245736 | ... AE42: =SUM(AE11:AE40) -> 43128429
A43: FACTOR MULTIPLICADOR (7) | I43: =ROUND(+FM!G64,2) -> 2.68 | K43: =+I43 -> 2.68 | L43: =+I43 -> 2.68 | M43: =+I43 -> 2.68 | N43: =+I43 -> 2.68 | O43: =+I43 -> 2.68 | P43: =+I43 -> 2.68 | Q43: =+I43 -> 2.68 | R43: =+I43 -> 2.68 | S43: =+I43 -> 2.68 | T43: =+I43 -> 2.68 | U43: =+I43 -> 2.68 | V43: =+I43 -> 2.68 | W43: =+I43 -> 2.68 | X43: =+I43 -> 2.68 | Y43: =+I43 -> 2.68 | Z43: =+I43 -> 2.68 | AA43: =+I43 -> 2.68 | AB43: =+I43 -> 2.68 | AC43: =+I43 -> 2.68 | AD43: =+I43 -> 2.68 | AE43: =+I43 -> 2.68
A45: COSTO DIRECTO PERSONAL CONSULTORA (6)*(7)=A | I45: =I42*I43+I44 -> 2.4470105e+09 | K45: =+K42*K43 -> 1.7195052e+08 | L45: =+L42*L43 -> 2.3587051e+08 | M45: =+M42*M43 -> 2.0399635e+08 | N45: =+N42*N43 -> 55402880 | O45: =+O42*O43 -> 55402880 | P45: =+P42*P43 -> 55402880 | Q45: =+Q42*Q43 -> 75698574 | R45: =+R42*R43 -> 75698574 | ... AE45: =+AE42*AE43 -> 1.1558419e+08
A46: IVA= %* (A)=B | I46: =+I45*19% -> 4.64932e+08 | K46: =+K45*19% -> 32670599 | L46: =+L45*19% -> 44815397 | M46: =+M45*19% -> 38759307 | N46: =+N45*19% -> 10526547 | O46: =+O45*19% -> 10526547 | P46: =+P45*19% -> 10526547 | Q46: =+Q45*19% -> 14382729 | R46: =+R45*19% -> 14382729 | ... AE46: =+AE45*19% -> 21960996
A47: COSTO TOTAL DE LA CONSULTORIA= (A) + (B) = (C) | I47: =ROUNDUP(+I45+I46,0) -> 2911942498 | K47: =+K45+K46 -> 2.0462112e+08 | L47: =+L45+L46 -> 2.8068591e+08 | M47: =+M45+M46 -> 2.4275566e+08 | N47: =+N45+N46 -> 65929427 | O47: =+O45+O46 -> 65929427 | P47: =+P45+P46 -> 65929427 | Q47: =+Q45+Q46 -> 90081303 | R47: =+R45+R46 -> 90081303 | ... AE47: =+AE45+AE46 -> 1.3754519e+08 | AF47: =SUM(K47:AE47) -> 2.9119425e+09
A49: COSTO TOTAL DE LA INTERVENTORÍA | I49: =ROUND(INTERVENTORÍA!H38,0) -> 374916804 | K49: =+I49/I47 -> 0.12875144 | L49: =+I49+L52 -> 251357374
L50: =+L51-L49 -> 2911942498
A51: COSTO TOTAL DEL PROYECTO | I51: =I47+I49 -> 3286859302 | L51: 3163299872 | M51: CDP
L52: =+L51-I51 -> -123559430 | M52: MUNICIPIO
A53: ÍTEM | B53: DESCRIPCIÓN | F53: PORCENTAJE | H53: COSTO DEL PERSONAL | I53: COSTO TOTAL DE LA CONSULTORÍA | L53: =+L49-L52 -> 374916804
A54: I | B54: ESTUDIO DE TRÁNSITO, CAPACIDAD Y NIVELES DE SERVICIO. | F54: =I54/$I$75*100 -> 7.0269629 | H54: =K$42 -> 64160641 | I54: =H54*$I$43*1.19 -> 2.0462112e+08 | L54: =+L50+I49 -> 3286859302
A55: II | B55: ESTUDIO DE TOPOGRAFIA, INCLUYE REDES SECAS E HIDROSANITARIAS. | F55: =I55/$I$75*100 -> 9.6391294 | H55: =L$42 -> 88011384 | I55: =H55*$I$43*1.19 -> 2.8068591e+08 | L55: 3374478813
A56: III | B56: ESTUDIO DE TRAZADO Y DISEÑO GEOMETRICO DEL CORREDOR VIAL | F56: =I56/$I$75*100 -> 8.336554 | H56: =M$42 -> 76118041 | I56: =H56*$I$43*1.19 -> 2.4275566e+08
A57: IV | B57: ESTUDIO DE GEOLOGÍA Y GEOMORFOLOGÍA | F57: =I57/$I$75*100 -> 2.2641047 | H57: =N$42 -> 20672716 | I57: =H57*$I$43*1.19 -> 65929427
A58: V | B58: ESTUDIO DE HIDROGEOLOGÍA LOCAL | F58: =I58/$I$75*100 -> 2.2641047 | H58: =O$42 -> 20672716 | I58: =H58*$I$43*1.19 -> 65929427 | L58: =+I49-L49 -> 123559430
A59: VI | B59: ESTUDIO DE ESTABILIDAD Y ESTABILIZACIÓN DE TERRAPLENES, PUNTOS CRÍTICOS ZONAS DE DISPOSICIÓN DE MATERIALES DE EXCAVACIÓN Y SOBRANTES (ZODMES) Y FUENTES DE MATERIALES | F59: =I59/$I$75*100 -> 2.2641047 | H59: =P$42 -> 20672716 | I59: =H59*$I$43*1.19 -> 65929427
A60: VII | B60: ESTUDIO DE GEOTÉCNIA PARA EL DISEÑO DE ESTRUCTURA DE PAVIMENTO. | F60: =I60/$I$75*100 -> 3.0935124 | H60: =Q$42 -> 28245736 | I60: =H60*$I$43*1.19 -> 90081303 | L60: =SUM(F54:G74) -> 100
A61: VIII | B61: ESTUDIO GEOTÉCNICO PARA EL DISEÑO DE FUNDACIONES DE PUENTES Y OTRAS ESTRUCTURAS | F61: =I61/$I$75*100 -> 3.0935124 | H61: =R$42 -> 28245736 | I61: =H61*$I$43*1.19 -> 90081303
A62: IX | B62: ESTUDIO DE HIDRÁULICA, HIDROLOGÍA Y SOCAVACIÓN | F62: =I62/$I$75*100 -> 2.2641047 | H62: =S$42 -> 20672716 | I62: =H62*$I$43*1.19 -> 65929427
A63: X | B63: ESTUDIO Y DISEÑO DE PAVIMENTOS | F63: =I63/$I$75*100 -> 5.1818425 | H63: =T$42 -> 47313519 | I63: =H63*$I$43*1.19 -> 1.5089227e+08
A64: XI | B64: ESTUDIO DE SEÑALIZACION VIAL Y SEGURIDAD VIAL. | F64: =I64/$I$75*100 -> 1.4495079 | H64: =U$42 -> 13234929 | I64: =H64*$I$43*1.19 -> 42208835
A65: XII | B65: ESTUDIO Y DISEÑO DE ESTRUCTURAS | F65: =I65/$I$75*100 -> 5.1818425 | H65: =V$42 -> 47313519 | I65: =H65*$I$43*1.19 -> 1.5089227e+08
A66: XIII | B66: ESTUDIOS DE URBANISMO Y PAISAJISMO | F66: =I66/$I$75*100 -> 4.5597867 | H66: =W$42 -> 41633754 | I66: =H66*$I$43*1.19 -> 1.3277837e+08
A67: XIV | B67: ESTUDIOS DE ANÁLISIS Y GESTIÓN DE RIESGOS | F67: =I67/$I$75*100 -> 7.7441199 | H67: =X$42 -> 70708741 | I67: =H67*$I$43*1.19 -> 2.2550432e+08
A68: XV | B68: ESTUDIO AMBIENTAL Y SOCIAL. | F68: =I68/$I$75*100 -> 10.336019 | H68: =Y$42 -> 94374429 | I68: =H68*$I$43*1.19 -> 3.0097893e+08
A69: XVI | B69: GESTIÓN PREDIAL Y SOCIAL | F69: =I69/$I$75*100 -> 8.1143912 | H69: =Z$42 -> 74089554 | I69: =H69*$I$43*1.19 -> 2.3628641e+08
A70: XVII | B70: ESTUDIO DE SOSTENIBILIDAD. | F70: =I70/$I$75*100 -> 1.2273451 | H70: =AA$42 -> 11206441 | I70: =H70*$I$43*1.19 -> 35739583
A71: XVIII | B71: ESTUDIO TECNICO BIM. | F71: =I71/$I$75*100 -> 1.2273451 | H71: =AB$42 -> 11206441 | I71: =H71*$I$43*1.19 -> 35739583
A72: XIX | B72: ESTUDIO ESTIMACIÓN DE CANTIDADES DE OBRAS, ANÁLISIS DE PRECIOS UNITARIOS, COSTOS Y PRESUPUESTOS | F72: =I72/$I$75*100 -> 4.337624 | H72: =AC$42 -> 39605266 | I72: =H72*$I$43*1.19 -> 1.2630912e+08
A73: XX | B73: ESTUDIO DE EVALUACIÓN SOCIOECONÓMICA Y FINANCIERA. | F73: =I73/$I$75*100 -> 5.6706006 | H73: =AD$42 -> 51776191 | I73: =H73*$I$43*1.19 -> 1.6512463e+08
A74: XXI | B74: INFORME FINAL EJECUTIVO | F74: =I74/$I$75*100 -> 4.7234856 | H74: =AE$42 -> 43128429 | I74: =H74*$I$43*1.19 -> 1.3754519e+08
A75: TOTAL | H75: =SUM(H54:H74) -> 9.1306362e+08 | I75: =SUM(I54:J74) -> 2.9119425e+09 | L75: 3205073410 | M75: =+L75-I51 -> -81785892
L76: =I75-I47 -> -0.0094571114
C82: JAIBER ARBEI MARTINEZ MONROY
C83: INGENIERO CIVIL

Sheet CONSULTORIA VOLUMENES PAGO
A1: PRESUPUESTO CONSULTORÍA
A3: =+Resumen!C3 -> ESTUDIOS Y DISEÑOS PARA EL MEJORAMIENTO DE LA CARRETERA ENTRE LA VEREDA LA GUAYACANA PR0 + 85 DE LA RUTA 10 TRAMO 1001 A LA CABECERA DEL MUNICIPIO DE ROBERTO PAYAN, DEPARTAMENTO DE NARIÑO.
A8: COSTOS POR VOLUMENES TECNICOS ENTREGABLES
A9: N° | B9: TITULO DEL VOLUMEN | C9: VOLUMEN | D9: Peso porcentual del Volumen | E9: % de pago Sobre el | F9: VALOR DEL ENTREGABLE
B10: Subactividades | D10: sobre valor total de los volumenes | E10: valor del Volumen
A11: 1 | B11: =+[1]CONSULTORIA!B55 -> ESTUDIO DE TRÁNSITO, CAPACIDAD Y NIVELES DE SERVICIO. | C11: VOLUMEN I | D11: =+Resumen!F54/100 -> 0.070269629 | E11: 1 | F11: =+Resumen!I54 -> 2.0462112e+08
B12: Metodología aprobada por Interventoría. | E12: 0.1 | F12: =+F11*E12 -> 20462112
B13: Entrega del volumen aprobado por Interventoría. | E13: 0.9 | F13: =+F11*E13 -> 1.8415901e+08
A14: 2 | B14: =+[1]CONSULTORIA!B56 -> ESTUDIO DE TOPOGRAFIA, INCLUYE REDES SECAS E HIDROSANITARIAS. | C14: VOLUMEN II | D14: =+Resumen!F55/100 -> 0.096391294 | E14: 1 | F14: =+Resumen!I55 -> 2.8068591e+08
B15: Metodología aprobada por Interventoría. | E15: 0.1 | F15: =+F14*E15 -> 28068591
B16: Recolección de Información Preliminar y Geoespacial de referencia para el Analisis de las Alternativas propuestas de corredores viales. | E16: 0.1 | F16: =+F14*E16 -> 28068591
B17: Entrega del volumen aprobado por Interventoría, que incluya el levantamiento de la existencia de redes secas en el corredor a atender, y la existencia de redes hidrosaniarias en el corredor a atender; y levantamiento de las alternativas de los corredores viales. | E17: 0.8 | F17: =+F14*E17 -> 2.2454872e+08
A18: 3 | B18: =+[1]CONSULTORIA!B57 -> ESTUDIO DE TRAZADO Y DISEÑO GEOMETRICO DEL CORREDOR VIAL ESCOGIDO Y SUS INTERSECCIONES. | C18: VOLUMEN III | D18: =+Resumen!F56/100 -> 0.08336554 | E18: 1 | F18: =+Resumen!I56 -> 2.4275566e+08
B19: Metodología aprobada por Interventoría. | E19: 0.1 | F19: =+F18*E19 -> 24275566
B20: Informe Análisis de Alternativas aprobado por Interventoría. | E20: 0.1 | F20: =+F18*E20 -> 24275566
B21: Trazado geométrico preliminar de la alternativa seleccionada (definición del eje) y sus Intersecciones aprobado por Interventoría. | E21: 0.1 | F21: =+F18*E21 -> 24275566
B22: Trazado geométrico final de la alternativa seleccionada y sus Intersecciones aprobado por Interventoría. | E22: 0.1 | F22: =+F18*E22 -> 24275566
B23: Entrega del volumen aprobado por Interventoría. | E23: 0.6 | F23: =+F18*E23 -> 1.4565339e+08
A24: 4 | B24: =+[1]CONSULTORIA!B58 -> ESTUDIO DE GEOLOGÍA Y GEOMORFOLOGIA. | C24: VOLUMEN IV | D24: =+Resumen!F57/100 -> 0.022641047 | E24: 1 | F24: =+Resumen!I57 -> 65929427
B25: Metodología aprobada por Interventoría. | E25: 0.1 | F25: =+F24*E25 -> 6592942.7
B26: Estudio del corredor geotécnico aprobado por Interventoría. | E26: 0.15 | F26: =+F24*E26 -> 9889414.1
B27: Estudio de las amenazas geológicas del corredor geotécnico aprobado por Interventoría. | E27: 0.15 | F27: =+F24*E27 -> 9889414.1
B28: Entrega del volumen aprobado por Interventoría. | E28: 0.6 | F28: =+F24*E28 -> 39557656
A29: 5 | B29: =+[1]CONSULTORIA!B59 -> ESTUDIO DE HIDROGEOLOGIA LOCAL. | C29: VOLUMEN VII | D29: =+Resumen!F58/100 -> 0.022641047 | E29: 1 | F29: =+Resumen!I58 -> 65929427
B30: Metodología aprobada por Interventoría. | E30: 0.1 | F30: =+F29*E30 -> 6592942.7
B31: Entrega del volumen aprobado por Interventoría. | E31: 0.9 | F31: =+F29*E31 -> 59336485
A32: 6 | B32: =+[1]CONSULTORIA!B60 -> ESTUDIO DE ESTABILIDAD Y ESTABILIZACIÓN DE TALUDES, TERRAPLENES, PUNTOS CRÍTICOS, ZONAS DE DISPOSICIÓN DE MATERIALES DE EXCAVACIÓN Y SOBRANTES (ZODMES) Y FUENTES DE MATERIALES. | C32: VOLUMEN VIII | D32: =+Resumen!F59/100 -> 0.022641047 | E32: 1 | F32: =+Resumen!I59 -> 65929427
B33: Metodología aprobada por Interventoría. | E33: 0.1 | F33: =+F32*E33 -> 6592942.7
B34: Análisis Geotécnico aprobado por Interventoría. | E34: 0.2 | F34: =+F32*E34 -> 13185885
B35: Informe de Zonas de Disposición de Materiales de Excavación y Sobrantes (Zodmes). | E35: 0.05 | F35: =+F32*E35 -> 3296471.4
B36: Informe de Fuentes de Materiales aprobado por Interventoría. | E36: 0.05 | F36: =+F32*E36 -> 3296471.4
B37: Entrega del volumen aprobado por Interventoría. | E37: 0.6 | F37: =+F32*E37 -> 39557656
A38: 7 | B38: =+[1]CONSULTORIA!B61 -> ESTUDIO DE GEOTÉCNIA PARA EL DISEÑO DE ESTRUCTURA DE PAVIMENTO. | C38: VOLUMEN IX | D38: =+Resumen!F60/100 -> 0.030935124 | E38: 1 | F38: =+Resumen!I60 -> 90081303
B39: Metodología aprobada por Interventoría. | E39: 0.1 | F39: =+F38*E39 -> 9008130.3 | H39: 70
B40: Análisis de Socavación aprobado por Interventoría. | E40: 0.15 | F40: =+F38*E40 -> 13512195
B41: Análisis Geotécnico aprobado por Interventoría. | E41: 0.15 | F41: =+F38*E41 -> 13512195
B42: Entrega del volumen aprobado por Interventoría. | E42: 0.6 | F42: =+F38*E42 -> 54048782
A43: 8 | B43: =+[1]CONSULTORIA!B62 -> ESTUDIO DE GEOTÉCNIA PARA EL DISEÑO DE FUNDACIONES DE PUENTES, OTRAS ESTRUCTURAS Y OBRAS ESPECIALES. | C43: VOLUMEN XIII | D43: =+Resumen!F61/100 -> 0.030935124 | E43: 1 | F43: =+Resumen!I61 -> 90081303
B44: Metodología aprobada por Interventoría. | E44: 0.1 | F44: =+F43*E44 -> 9008130.3
B45: Entrega del volumen aprobado por Interventoría. | E45: 0.9 | F45: =+F43*E45 -> 81073172
A46: 9 | B46: =+[1]CONSULTORIA!B63 -> ESTUDIO DE HIDRÁULICA, HIDROLOGÍA Y SOCAVACIÓN. | C46: VOLUMEN X | D46: =+Resumen!F62/100 -> 0.022641047 | E46: 1 | F46: =+Resumen!I62 -> 65929427
B47: Metodología aprobada por Interventoría. | E47: 0.1 | F47: =+F46*E47 -> 6592942.7
B48: Estudios Hidirológicos y de Socavación aprobados por Interventoría. | E48: 0.15 | F48: =+F46*E48 -> 9889414.1
B49: Estudios Hidráulicos aprobados por Interventoría. | E49: 0.15 | F49: =+F46*E49 -> 9889414.1
B50: Entrega del volumen aprobado por Interventoría. | E50: 0.6 | F50: =+F46*E50 -> 39557656
A51: 10 | B51: =+[1]CONSULTORIA!B64 -> ESTUDIO Y DISEÑO DE PAVIMENTOS. | C51: VOLUMEN XI | D51: =+Resumen!F63/100 -> 0.051818425 | E51: 1 | F51: =+Resumen!I63 -> 1.5089227e+08
B52: Metodología aprobada por Interventoría. | E52: 0.1 | F52: =+F51*E52 -> 15089227 | L52: =+L51-I51 -> 0
B53: Estudios de Fuentes de Materiales – Caracterización de Materiales aprobados por Interventoría. | E53: 0.1 | F53: =+F51*E53 -> 15089227
B54: Análisis de Alternativas de Pavimentos aprobado por Interventoría. | E54: 0.2 | F54: =+F51*E54 -> 30178455
B55: Entrega del volumen aprobado por Interventoría. | E55: 0.6 | F55: =+F51*E55 -> 90535365
A56: 11 | B56: =+[1]CONSULTORIA!B65 -> ESTUDIO DE SEÑALIZACION VIAL Y SEGURIDAD VIAL. | C56: VOLUMEN XII | D56: =+Resumen!F64/100 -> 0.014495079 | E56: 1 | F56: =+Resumen!I64 -> 42208835
B57: Metodología aprobada por Interventoría. | E57: 0.1 | F57: =+F56*E57 -> 4220883.5
B58: Entrega del volumen aprobado por Interventoría. | E58: 0.9 | F58: =+F56*E58 -> 37987952
A59: 12 | B59: =+[1]CONSULTORIA!B66 -> ESTUDIO Y DISEÑO DE ESTRUCTURAS. | C59: VOLUMEN XI | D59: =+Resumen!F65/100 -> 0.051818425 | E59: 1 | F59: =+Resumen!I65 -> 1.5089227e+08
B60: Metodología aprobada por Interventoría. | E60: 0.1 | F60: =+F59*E60 -> 15089227
B61: Estudios de Fuentes de Materiales – Caracterización de Materiales aprobados por Interventoría. | E61: 0.1 | F61: =+F59*E61 -> 15089227
B62: Entrega del volumen aprobado por Interventoría. | E62: 0.8 | F62: =+F59*E62 -> 1.2071382e+08
A63: 13 | B63: =+[1]CONSULTORIA!B67 -> ESTUDIOS DE URBANISMO Y PAISAJISMO. | C63: VOLUMEN XIV | D63: =+Resumen!F66/100 -> 0.045597867 | E63: 1 | F63: =+Resumen!I66 -> 1.3277837e+08
B64: Metodología aprobada por Interventoría. | E64: 0.1 | F64: =+F63*E64 -> 13277837
B65: Proyecto del área de Urbanismo y Paisajismo aprobado por Interventoría | E65: 0.3 | F65: =+F63*E65 -> 39833510
B66: Entrega del volumen aprobado por Interventoría. | E66: 0.6 | F66: =+F63*E66 -> 79667021
A67: 14 | B67: =+[1]CONSULTORIA!B68 -> ESTUDIOS DE ANÁLISIS Y GESTIÓN DE RIESGOS. | C67: VOLUMEN XVIX | D67: =+Resumen!F67/100 -> 0.077441199 | E67: 1 | F67: =+Resumen!I67 -> 2.2550432e+08
B68: Metodología aprobada por Interventoría. | E68: 0.1 | F68: =+F67*E68 -> 22550432
B69: Entrega del volumen aprobado por Interventoría. | E69: 0.9 | F69: =+F67*E69 -> 2.0295389e+08
A70: 15 | B70: =+[1]CONSULTORIA!B69 -> ESTUDIO AMBIENTAL Y SOCIAL. | C70: VOLUMEN XV | D70: =+Resumen!F68/100 -> 0.10336019 | E70: 1 | F70: =+Resumen!I68 -> 3.0097893e+08
B71: Mapas temáticos (ambientales y sociales). | E71: 0.05 | F71: =+F70*E71 -> 15048946
B72: Tablas de inventario de fauna y flora. | E72: 0.25 | F72: =+F70*E72 -> 75244732
B73: Encuestas y actas de participación comunitaria. | E73: 0.05 | F73: =+F70*E73 -> 15048946
B74: Actas de reuniones de socialización y participación. | E74: 0.1 | F74: =+F70*E74 -> 30097893
B75: Fichas técnicas de predios y comunidades. | E75: 0.1 | F75: =+F70*E75 -> 30097893
B76: Documento del alcance del plan de adaptación de la guía ambienta PAGA. | E76: 0.25 | F76: =+F70*E76 -> 75244732
B77: Documento de Estudio de Impacto Ambiental. | E77: 0.2 | F77: =+F70*E77 -> 60195786
A78: 16 | B78: =+[1]CONSULTORIA!B70 -> ESTUDIO DE GESTIÓN PREDIAL. | C78: VOLUMEN XVI | D78: =+Resumen!F69/100 -> 0.081143912 | E78: 1 | F78: =+Resumen!I69 -> 2.3628641e+08
B79: Metodología aprobada por Interventoría. | E79: 0.1 | F79: =+F78*E79 -> 23628641
B80: Caracterización del área de estudio aprobado por Interventoría. | E80: 0.25 | F80: =+F78*E80 -> 59071601
B81: Información Catastral aprobado por Interventoría. | E81: 0.25 | F81: =+F78*E81 -> 59071601
B82: Entrega del volumen aprobado por Interventoría. | E82: 0.4 | F82: =+F78*E82 -> 94514562
A83: 17 | B83: =+[1]CONSULTORIA!B71 -> ESTUDIO DE SOSTENIBILIDAD. | C83: VOLUMEN XVII | D83: =+Resumen!F70/100 -> 0.012273451 | E83: 1 | F83: =+Resumen!I70 -> 35739583
B84: Metodología aprobada por Interventoría. | E84: 0.1 | F84: =+F83*E84 -> 3573958.3
B85: Informe de Lineamientos de Infraestructura de Transporte Sostenible a Fase III aprobado por Interventoría. | E85: 0.3 | F85: =+F83*E85 -> 10721875
B86: Entrega del volumen aprobado por Interventoría. | E86: 0.6 | F86: =+F83*E86 -> 21443750
A87: 18 | B87: =+[1]CONSULTORIA!B72 -> ESTUDIO TECNICO BIM. | C87: VOLUMEN XVIII | D87: =+Resumen!F71/100 -> 0.012273451 | E87: 1 | F87: =+Resumen!I71 -> 35739583
B88: Metodología aprobada por Interventoría. | E88: 0.1 | F88: =+F87*E88 -> 3573958.3
B89: Entrega del volumen aprobado por Interventoría. | E89: 0.9 | F89: =+F87*E89 -> 32165625
A90: 19 | B90: =+[1]CONSULTORIA!B73 -> ESTUDIO DE ESTIMACION DE CANTIDADES DE OBRAS, ANALISIS DE PRECIOS UNITARIOS, COSTOS Y PRESUPUESTO. | C90: VOLUMEN XX | D90: =+Resumen!F72/100 -> 0.04337624 | E90: 1 | F90: =+Resumen!I72 -> 1.2630912e+08
B91: Metodología aprobada por Interventoría. | E91: 0.1 | F91: =+F90*E91 -> 12630912
B92: Entrega del volumen aprobado por Interventoría,que incluyan: Estudio de Mercado, Análisis de Precios Unitarios, Presupuesto, Fuentes de Financiación, . | E92: 0.9 | F92: =+F90*E92 -> 1.136782e+08
A93: 20 | B93: =+[1]CONSULTORIA!B74 -> ESTUDIO DE EVALUACIÓN SOCIOECONÓMICA Y FINANCIERA. | C93: VOLUMEN XXI | D93: =+Resumen!F73/100 -> 0.056706006 | E93: 1 | F93: =+Resumen!I73 -> 1.6512463e+08
B94: Metodología aprobada por Interventoría. | E94: 0.1 | F94: =+F93*E94 -> 16512463
B95: Informe de diagnóstico socioeconómico de la región aprobado por Interventoría. | E95: 0.25 | F95: =+F93*E95 -> 41281157
B96: Informe de fuentes alternativas de financiación aprobado por Interventoría. | E96: 0.25 | F96: =+F93*E96 -> 41281157
B97: Entrega del volumen aprobado por Interventoría. | E97: 0.4 | F97: =+F93*E97 -> 66049852
A98: 21 | B98: =+[1]CONSULTORIA!B75 -> INFORME FINAL EJECUTIVO. | C98: VOLUMEN XX | D98: =+Resumen!F74/100 -> 0.047234856 | E98: 1 | F98: =+Resumen!I74 -> 1.3754519e+08
B99: Entrega del volumen aprobado por Interventoría, que incluya: Resumen, Conclusiones, Alcances, y Recomendaciones para Estudios Técnico y Social en caso de requerirse. | E99: 1 | F99: =+F98*E99 -> 1.3754519e+08
B100: TOTAL COSTOS DE VOLUMENES = (D) | D100: =SUM(D11:D99) -> 1 | F100: =+F11+F14+F18+F24+F29+F32+F38+F43+F46+F51+F56+F59+F63+F67+F70+F78+F83+F87+F90+F93+F98 -> 2.9119425e+09
A101: NOTA: | B101: 1. Para proceder al reconocimiento de pago, todos los volúmenes, informes y/o entregables, deben estar previamente aprobados por la Interventoría.
B102: 2. Los valores son NO MODIFICABLES por el proponente en el momento de presentar su oferta económica.

Sheet INTERVENTORÍA
C1: INTERVENTORÍA DE OBRA
C3: =+Resumen!C3 -> ESTUDIOS Y DISEÑOS PARA EL MEJORAMIENTO DE LA CARRETERA ENTRE LA VEREDA LA GUAYACANA PR0 + 85 DE LA RUTA 10 TRAMO 1001 A LA CABECERA DEL MUNICIPIO DE ROBERTO PAYAN, DEPARTAMENTO DE NARIÑO.
B7: 1. COSTOS DIRECTOS DE PERSONAL
B9: 1.1. PERSONAL PROFESIONAL
B10: Cargo/Oficio | D10: Salario mensual | E10: Cantidad (Personas) | F10: Tiempo (Meses) | G10: Participación total (%mes) | H10: Valor parcial
D12: (1) | E12: (2) | F12: (3) | G12: (4) | H12: (1)*(2)*(3)*(4)=(5)
B13: =Salarios!A12 -> Director general de interventoría | D13: =Salarios!E12 -> 8541000 | E13: 1 | F13: 6 | G13: 0.25 | H13: =PRODUCT(D13:G13) -> 12811500 | K13: 20
B14: =+Resumen!A12 -> Residente de consultoría | D14: =Salarios!E10 -> 5694000 | E14: 1 | F14: 6 | G14: 0.3 | H14: =PRODUCT(D14:G14) -> 10249200
B15: =+Resumen!A13 -> Especialista en tránsito | D15: =Salarios!E11 -> 7117500 | E15: 1 | F15: 6 | G15: 0.15 | H15: =PRODUCT(D15:G15) -> 6405750
B16: =+Resumen!A14 -> Especialista diseño de vías | D16: =Salarios!E13 -> 8541000 | E16: 1 | F16: 6 | G16: 0.25 | H16: =PRODUCT(D16:G16) -> 12811500
B17: =+Resumen!A16 -> Especialista geología | D17: =Salarios!E15 -> 7117500 | E17: 1 | F17: 6 | G17: 0.2 | H17: =PRODUCT(D17:G17) -> 8541000
B18: =+Resumen!A17 -> Especialista hidrológico e hidráulico | D18: =Salarios!E17 -> 8541000 | E18: 1 | F18: 6 | G18: 0.2 | H18: =PRODUCT(D18:G18) -> 10249200
B19: =+Resumen!A18 -> Especialista suelos o geotécnia | D19: =Salarios!E18 -> 7117500 | E19: 1 | F19: 6 | G19: 0.2 | H19: =PRODUCT(D19:G19) -> 8541000
B20: =+Resumen!A19 -> Especialista diseño de pavimentos | D20: =Salarios!E20 -> 8541000 | E20: 1 | F20: 6 | G20: 0.2 | H20: =PRODUCT(D20:G20) -> 10249200
B21: =+Resumen!A20 -> Especialista estructural | D21: =Salarios!E21 -> 7117500 | E21: 1 | F21: 6 | G21: 0.15 | H21: =PRODUCT(D21:G21) -> 6405750
B22: =+Resumen!A21 -> Especialista diseño paisajístico | D22: =Salarios!E22 -> 7117500 | E22: 1 | F22: 6 | G22: 0.15 | H22: =PRODUCT(D22:G22) -> 6405750
B23: =+Resumen!A22 -> Especialista en gestión del riesgo | D23: =Salarios!E27 -> 7117500 | E23: 1 | F23: 6 | G23: 0.15 | H23: =PRODUCT(D23:G23) -> 6405750
B24: =+Resumen!A27 -> Coordinador de Presupuesto | D24: =Salarios!E28 -> 6405750 | E24: 1 | F24: 6 | G24: 0.2 | H24: =PRODUCT(D24:G24) -> 7686900
B25: =+Resumen!A23 -> Coordinador ambiental | D25: =Salarios!E29 -> 6405750 | E25: 1 | F25: 6 | G25: 0.2 | H25: =PRODUCT(D25:G25) -> 7686900
B26: =+Resumen!A25 -> Especialista BIM. | D26: =+Salarios!E25 -> 7117500 | E26: 1 | F26: 6 | G26: 0.15 | H26: =PRODUCT(D26:G26) -> 6405750
B27: =+Resumen!A28 -> Profesional área social | D27: =Salarios!E31 -> 5694000 | E27: 1 | F27: 6 | G27: 0.15 | H27: =PRODUCT(D27:G27) -> 5124600
B28: =+Resumen!A30 -> Abogado | D28: =Salarios!E32 -> 5694000 | E28: 1 | F28: 6 | G28: 0.15 | H28: =PRODUCT(D28:G28) -> 5124600
B29: 1.2. PERSONAL TÉCNICO
B30: =+Resumen!A33 -> Topógrafo | D30: =Salarios!E34 -> 6405750 | E30: 1 | F30: 6 | G30: 0.2 | H30: =PRODUCT(D30:G30) -> 7686900
B34: SUBTOTAL COSTOS DE PERSONAL = SUMATORIA DE (5) = (6) | H34: =SUM(H13:I32) -> 1.3879125e+08
B35: FACTOR MULTIPLICADOR (7) | H35: ='FM Intv.'!G63 -> 2.27
B36: COSTO DIRECTO PERSONAL INTERVENTORÍA = (6) * (7) = (A) | H36: =H34*H35 -> 3.1505614e+08
B37: IVA = (19%) * (A) = (B) | H37: =19%*H36 -> 59860666
B38: COSTOS TOTAL INTERVENTORÍA = (A) + (B) = (C) | H38: =ROUND(H36+H37,0) -> 374916804 | J38: {=+H38-INTERVENTORÍA!$H$38:$I$38} -> 0 | K38: 374916804
H39: 70
C47: JAIBER ARBEI MARTINEZ MONROY
C48: INGENIERO CIVIL
L49: =+I49+L52 -> 3163299872
L50: =+L51-L49 -> 0
L51: =+L50+L49 -> 3163299872
L52: =+L51-I51 -> 3163299872
L54: =+L50+I49 -> 0
L55: 3374478813

Sheet No de viajes
B2: PROFESIONAL | C2: No de viajes (ida y vuelta)
B3: Director de la consultoria | C3: 3
B4: Residente de consultoría | C4: 3
B5: Especialista en tránsito | C5: 1
B6: Especialista diseño de vías | C6: 3
B7: Especialista geología | C7: 3
B8: Especialista hidrológico e hidraulico | C8: 3
B9: Especialista suelos o geotécnia | C9: 3
B10: Especialista diseño de pavimentos | C10: 3
B11: Especialista estructural | C11: 3
B12: Especialista diseño paisajístico | C12: 3
B13: Especialista en gestión del riesgo | C13: 3
B14: Coordinador ambiental | C14: 3
... B19: Cadenero 2 | C19: 1
C20: =SUM(C3:C19) -> 45

Sheet Salarios
B1: SALARIOS PARA PERSOANAL PROFESIONAL, TÉCNICO Y AUXILIAR
B3: =Resumen!C3 -> ESTUDIOS Y DISEÑOS PARA EL MEJORAMIENTO DE LA CARRETERA ENTRE LA VEREDA LA GUAYACANA PR0 + 85 DE LA RUTA 10 TRAMO 1001 A LA CABECERA DEL MUNICIPIO DE ROBERTO PAYAN, DEPARTAMENTO DE NARIÑO.
A7: DESCRIPCIÓN | D7: NÚMERO DE SALARIOS MÍNIMOS | E7: SALARIO BÁSICO MENSUAL
A8: PERSONAL PROFESIONAL
A9: Director general de consultoría | D9: 6.5 | E9: =+D9*$G$9 -> 9252750 | G9: 1423500 | J9: =+E9-Salarios!$E$9 -> 0
A10: Residente de consultoría | D10: 4 | E10: =+D10*$G$9 -> 5694000
A11: Especialista en tránsito | D11: 5 | E11: =+D11*$G$9 -> 7117500
A12: Director general de interventoría | D12: 6 | E12: =+D12*$G$9 -> 8541000
A13: Especialista diseño de vías | D13: 6 | E13: =+D13*$G$9 -> 8541000
A14: Especialista en Sistemas de Información Geográfica - SIG. | D14: 5 | E14: =+D14*$G$9 -> 7117500
A15: Especialista geología | D15: 5 | E15: =+D15*$G$9 -> 7117500
A16: Especialista hidrológico e hidráulico | D16: 5 | E16: =+D16*$G$9 -> 7117500
A17: Especialista suelos o geotécnia | D17: 6 | E17: =+D17*$G$9 -> 8541000
A18: Especialista hidráulico | D18: 5 | E18: =+D18*$G$9 -> 7117500
A19: Especialista diseño de pavimentos | D19: 6 | E19: =+D19*$G$9 -> 8541000
A20: Especialista estructural | D20: 6 | E20: =+D20*$G$9 -> 8541000
A21: Especialista diseño paisajístico | D21: 5 | E21: =+D21*$G$9 -> 7117500
D22: 5 | E22: =+D22*$G$9 -> 7117500
A23: Coordinador ambiental | D23: 5 | E23: =+D23*$G$9 -> 7117500
A24: Especialista en Evaluación Económica de Proyectos. | D24: 5 | E24: =+D24*$G$9 -> 7117500
A25: Especialista BIM. | D25: 5 | E25: =+D25*$G$9 -> 7117500
A26: Coordinador predial | D26: 5 | E26: =+D26*$G$9 -> 7117500
A27: Coordinador de Presupuesto | D27: 5 | E27: =+D27*$G$9 -> 7117500
A28: Economista | D28: 4.5 | E28: =+D28*$G$9 -> 6405750
A29: Profesional área social | D29: 4.5 | E29: =+D29*$G$9 -> 6405750
A30: Profesional en Seguridad Industrial y Seguridad en el Trabajo. | D30: 4 | E30: =+D30*$G$9 -> 5694000
A31: Abogado | D31: 4 | E31: =+D31*$G$9 -> 5694000
A32: Contador | D32: 4 | E32: =+D32*$G$9 -> 5694000
A33: PERSONAL TÉCNICO
A34: Topógrafo | D34: 4.5 | E34: =G9*D34 -> 6405750
A35: PERSONAL AUXILIAR
A36: Delineante de ingeniería y arquitectura | D36: 1.5 | E36: =$G$9*D36 -> 2135250
A37: Auxiliar de conteo | D37: 1.5 | E37: =$G$9*D37 -> 2135250
A38: Obreros | D38: 1 | E38: =$G$9*D38 -> 1423500
A39: Cadeneros | D39: 1.5 | E39: =$G$9*D39 -> 2135250 | H39: 70
A40: Profesional de apoyo | D40: 2.5535968 | E40: =$G$9*D40 -> 3635045.1
A41: Secretaria | D41: 1.5 | E41: =$G$9*D41 -> 2135250
B49: JAIBER ARBEI MARTINEZ MONROY | L49: =+I49+L52 -> 3163299872
B50: INGENIERO CIVIL | L50: =+L51-L49 -> 0
L51: =+L50+L49 -> 3163299872
L52: =+L51-I51 -> 3163299872
L54: =+L50+I49 -> 0
L55: 3374478813

Sheet Cronograma
C1: RESUMEN PRESUPUESTO CONSULTORÍA
C3: ESTUDIOS Y DISEÑOS PARA EL MEJORAMIENTO DE VÍA LA TOLA - EL CHARCO EN EL DEPARTAMENTO DE NARIÑO
A8: CARGO/OFICIO | D8: TIEMPO (Meses) | E8: MES 1 | F8: MES 2 | G8: MES 3 | H8: MES 4 | I8: MES 5 | J8: MES 6
A9: PERSONAL PROFESIONAL
A10: =Salarios!A9 -> Director general de consultoría | D10: =SUM(E10:J10) -> 6 | E10: 1 | F10: 1 | G10: 1 | H10: 1 | I10: 1 | J10: 1
A11: =Salarios!A10 -> Residente de consultoría | D11: =SUM(E11:J11) -> 6 | E11: 1 | F11: 1 | G11: 1 | H11: 1 | I11: 1 | J11: 1
A12: =Salarios!A11 -> Especialista en tránsito | D12: =SUM(E12:J12) -> 6 | E12: 1 | F12: 1 | G12: 1 | H12: 1 | I12: 1 | J12: 1
A13: =Salarios!A13 -> Especialista diseño de vías | D13: =SUM(E13:J13) -> 6 | E13: 1 | F13: 1 | G13: 1 | H13: 1 | I13: 1 | J13: 1
A14: =Salarios!A15 -> Especialista geología | D14: =SUM(E14:J14) -> 6 | E14: 1 | F14: 1 | G14: 1 | H14: 1 | I14: 1 | J14: 1
A15: =Salarios!A16 -> Especialista hidrológico e hidráulico | D15: =SUM(E15:J15) -> 6 | E15: 1 | F15: 1 | G15: 1 | H15: 1 | I15: 1 | J15: 1
A16: =Salarios!A17 -> Especialista suelos o geotécnia | D16: =SUM(E16:J16) -> 6 | E16: 1 | F16: 1 | G16: 1 | H16: 1 | I16: 1 | J16: 1
A17: =Salarios!A19 -> Especialista diseño de pavimentos | D17: =SUM(E17:J17) -> 6 | E17: 1 | F17: 1 | G17: 1 | H17: 1 | I17: 1 | J17: 1
A18: =Salarios!A20 -> Especialista estructural | D18: =SUM(E18:J18) -> 6 | E18: 1 | F18: 1 | G18: 1 | H18: 1 | I18: 1 | J18: 1
A19: =Salarios!A21 -> Especialista diseño paisajístico | D19: =SUM(E19:J19) -> 6 | E19: 1 | F19: 1 | G19: 1 | H19: 1 | I19: 1 | J19: 1
A20: =Salarios!A22 -> 0 | D20: =SUM(E20:J20) -> 6 | E20: 1 | F20: 1 | G20: 1 | H20: 1 | I20: 1 | J20: 1
A21: =+Salarios!A23 -> Coordinador ambiental | D21: =SUM(E21:J21) -> 6 | E21: 1 | F21: 1 | G21: 1 | H21: 1 | I21: 1 | J21: 1
A22: =+Salarios!A26 -> Coordinador predial | D22: =SUM(E22:J22) -> 6 | E22: 1 | F22: 1 | G22: 1 | H22: 1 | I22: 1 | J22: 1
A23: =Salarios!A27 -> Coordinador de Presupuesto | D23: =SUM(E23:J23) -> 6 | E23: 1 | F23: 1 | G23: 1 | H23: 1 | I23: 1 | J23: 1
A24: =Salarios!A28 -> Economista | D24: =SUM(E24:J24) -> 6 | E24: 1 | F24: 1 | G24: 1 | H24: 1 | I24: 1 | J24: 1
A25: =Salarios!A29 -> Profesional área social | D25: =SUM(E25:J25) -> 6 | E25: 1 | F25: 1 | G25: 1 | H25: 1 | I25: 1 | J25: 1
A26: =Salarios!A31 -> Abogado | D26: =SUM(E26:J26) -> 6 | E26: 1 | F26: 1 | G26: 1 | H26: 1 | I26: 1 | J26: 1
A27: =Salarios!A32 -> Contador | D27: =SUM(E27:J27) -> 6 | E27: 1 | F27: 1 | G27: 1 | H27: 1 | I27: 1 | J27: 1
A28: PERSONAL PROFESIONAL
A29: =Salarios!A34 -> Topógrafo | D29: =SUM(E29:J29) -> 6 | E29: 1 | F29: 1 | G29: 1 | H29: 1 | I29: 1 | J29: 1
A30: PERSONAL AUXILIAR
A31: Secretaria | D31: =SUM(E31:J31) -> 6 | E31: 1 | F31: 1 | G31: 1 | H31: 1 | I31: 1 | J31: 1
A32: =Salarios!A36 -> Delineante de ingeniería y arquitectura | D32: =SUM(E32:J32) -> 6 | E32: 1 | F32: 1 | G32: 1 | H32: 1 | I32: 1 | J32: 1
A33: =Salarios!A37 -> Auxiliar de conteo | D33: =SUM(E33:J33) -> 1 | E33: 1
A34: =Salarios!A38 -> Obreros | D34: =SUM(E34:J34) -> 6 | E34: 1 | F34: 1 | G34: 1 | H34: 1 | I34: 1 | J34: 1
A35: =Salarios!A39 -> Cadeneros | D35: =SUM(E35:J35) -> 6 | E35: 1 | F35: 1 | G35: 1 | H35: 1 | I35: 1 | J35: 1
A36: =Salarios!A40 -> Profesional de apoyo | D36: =SUM(E36:J36) -> 6 | E36: 1 | F36: 1 | G36: 1 | H36: 1 | I36: 1 | J36: 1

Sheet FM
D1: FACTOR MULTIPLICADOR
D3: =Resumen!C3 -> ESTUDIOS Y DISEÑOS PARA EL MEJORAMIENTO DE LA CARRETERA ENTRE LA VEREDA LA GUAYACANA PR0 + 85 DE LA RUTA 10 TRAMO 1001 A LA CABECERA DEL MUNICIPIO DE ROBERTO PAYAN, DEPARTAMENTO DE NARIÑO.
B7: 01. Salarios y Prestaciones Sociales de Personal Facturable
B8: Ítem | C8: Descripción | G8: Porcentaje
B9: 1.01 | C9: Salarios | G9: 1
B10: 1.02 | C10: Prima anual (legal) | E10: 1 | F10: ÷ 12 = | G10: 0.0833
B11: 1.03 | C11: Cesantía | E11: 1 | F11: ÷ 12 = | G11: 0.0833
B12: 1.04 | C12: Intereses de cesantía | G12: 0.01
B13: 1.05 | C13: Vacaciones | G13: 0.0417
B14: 1.06 | C14: Seguridad Social (salud (8,5%) + pensión (12%)) | G14: 0.205
B15: 1.07 | C15: Caja de Compensación Familiar | G15: 0.04
B16: 1.08 | C16: ARP (Riesgos Profesionales) | G16: 0.0696
B17: 1.09 | C17: Sena | G17: 0.02
B18: 1.1 | C18: ICBF | G18: 0.03
B19: Subtotal | G19: =SUM(G9:H18) -> 1.5829
B21: 02. Gastos Directos
B22: Ítem | C22: Descripción | G22: Porcentaje
B23: 2.01 | C23: Arriendo oficina | G23: 0.01 | I23: =+G23*Resumen!$I$42 -> 9130636.2 | J23: =+I23/6 -> 1521772.7
B24: 2.02 | C24: Administración oficina | G24: 0.002 | I24: =+G24*Resumen!$I$42 -> 1826127.2 | J24: =+I24/6 -> 304354.54
B25: 2.03 | C25: Servicios públicos | G25: 0.002 | I25: =+G25*Resumen!$I$42 -> 1826127.2 | J25: =+I25/6 -> 304354.54
B26: 2.04 | C26: Transporte, viáticos y alojamiento (veredas distantes) | G26: ='Transporte y viáticos'!G12 -> 0.08114754 | I26: =+G26*Resumen!$I$42 -> 74092867 | J26: =+I26/6 -> 12348811
B27: 2.05 | C27: Edición, informes, fotocopias, impresión planos y otros | G27: 0.002 | I27: =+G27*Resumen!$I$42 -> 1826127.2 | J27: =+I27/6 -> 304354.54
B28: 2.06 | C28: Comunicaciones (teléfono, celular, fax, correo, etc.) | G28: 0.005 | I28: =+G28*Resumen!$I$42 -> 4565318.1 | J28: =+I28/6 -> 760886.35
B29: Subtotal | G29: =SUM(G23:H28) -> 0.10214754
B31: 03. Gastos Generales
B32: Ítem | C32: Descripción | G32: Porcentaje
B33: 3.01 | C33: Preparación de Propuesta | G33: 0.002 | I33: =+G33*Resumen!$I$42 -> 1826127.2
B34: 3.02 | C34: Asesoria Contable Tributaria y Juridica | G34: 0 | I34: =+G34*Resumen!$I$42 -> 0
B35: 3.03 | C35: Equipos y Mantenimiento Oficina | G35: 0.005 | I35: =+G35*Resumen!$I$42 -> 4565318.1
B36: 3.04 | C36: Exploracion geotecnica - Ensayo de Suelos | G36: ='Estudios y documentos'!I101 -> 0.59785607 | I36: =+G36*Resumen!$I$42 -> 5.4588063e+08
B37: 3.05 | C37: Expedición de documentos catastrales | G37: ='Estudios y documentos'!I113 -> 0.0094084353 | I37: =+G37*Resumen!$I$42 -> 8590500
B38: Subtotal | G38: =SUM(G33:H37) -> 0.6142645
H39: 70
B40: 04. Costos Directos No Reembolsables
B41: Ítem | C41: Descripción | G41: Porcentaje
B42: 4.01 | C42: Póliza de Calidad | G42: 0.002
B43: 4.02 | C43: Póliza Cumplimiento | G43: 0.002
B44: 4.03 | C44: Póliza Salarios y Prestaciones Sociales | G44: 0.0015
B45: 4.04 | C45: Póliza de Anticipo | G45: 0.001
B46: Subtotal | G46: =SUM(G42:H45) -> 0.0065
B48: 05. Honorarios
B49: Ítem | C49: Descripción | G49: Porcentaje | L49: =+I49+L52 -> 3163299872
B50: 5.01 | C50: Utilidad del Consultor | G50: 0.1 | L50: =+L51-L49 -> 0
B51: Subtotal | G51: =SUM(G50:H50) -> 0.1 | L51: =+L50+L49 -> 3163299872
L52: =+L51-I51 -> 3163299872
B53: 06. Gravámenes
B54: Ítem | C54: Descripción | G54: Porcentaje | L54: =+L50+I49 -> 0
B55: 6.01 | C55: Estampilla UDENAR | G55: 0.005 | L55: 3374478813
B56: 6.02 | C56: Tasa Prodeporte y Recreación Departamental | G56: 0.02
B57: 6.03 | C57: Tasa Prodeporte y Recreación Municipal | G57: 0.015
B58: 6.04 | C58: Estampilla Pro Cultura | G58: 0.015
B59: 6.05 | C59: Estampilla Pro Adulto Mayor | G59: 0.04
B60: 6.06 | C60: Estampilla para la justicia familiar | G60: 0.02
B61: Total gravámenes | G61: =SUM(G55:H60) -> 0.115
B62: Subtotal | G62: =G61*SUM(G19,G29,G38,G46,G51) -> 0.27666838
B64: FACTOR MULTIPLICADOR | G64: =SUM(G19,G29,G38,G46,G51,G62) -> 2.6824804
C72: JAIBER ARBEI MARTINEZ MONROY
C73: INGENIERO CIVIL

Sheet Transporte y viáticos
C1: FACTOR MULTIPLICADOR-TRANSPORTE Y VIÁTICOS
C3: =Resumen!C3 -> ESTUDIOS Y DISEÑOS PARA EL MEJORAMIENTO DE LA CARRETERA ENTRE LA VEREDA LA GUAYACANA PR0 + 85 DE LA RUTA 10 TRAMO 1001 A LA CABECERA DEL MUNICIPIO DE ROBERTO PAYAN, DEPARTAMENTO DE NARIÑO.
B7: Descripción | D7: Unidad | E7: Tarifa | F7: Cantidad | G7: Total equipos
B8: Servicio público de transporte terrestre automotor mediante vehículo tipo camioneta doble cabina 4x4 modelo 2015 en adelante, con disponibilidad las 24 horas 30 días del mes, con capacidad para cuatro (4) personas. | D8: Mes | E8: 10492867 | F8: 1 | G8: =PRODUCT(E8:F8) -> 10492867
B9: =Transporte!A15 -> Transporte de personal Pasto- Roberto Payan ida y vuelta | D9: =Transporte!D15 -> Pasaje | E9: =Transporte!E15 -> 480000 | F9: =+'No de viajes'!C20 -> 45 | G9: =PRODUCT(E9:F9) -> 21600000
B10: Viaticos para profesionales (Incluye alimentación y hospedaje)* | D10: Und | E10: 350000 | F10: =+SUM('No de viajes'!C3:C16)*3 -> 120 | G10: =PRODUCT(E10:F10) -> 42000000 | AB10: =#REF!/2+#REF!+#REF!+#REF! -> #REF!
B11: SUBTOTAL | G11: =SUM(G8:H10) -> 74092867
B12: SUBTOTAL | G12: =G11/Resumen!I42 -> 0.08114754
B14: NOTA: Cada comisión programadas durará al menos 3 dias, por lo tanto, se multiplica el numero de viajes previsto para la presente consultoria por los 3 dias antes mencionados
AB15: 12
C22: JAIBER ARBEI MARTINEZ MONROY
C23: INGENIERO CIVIL
H39: 70
L49: =+I49+L52 -> 3163299872
L50: =+L51-L49 -> 0
L51: =+L50+L49 -> 3163299872
L52: =+L51-I51 -> 3163299872
L54: =+L50+I49 -> 0
L55: 3374478813

Sheet PMA
C1: RESUMEN PRESUPUESTO CONSULTORÍA
C3: ESTUDIOS Y DISEÑOS PARA EL MEJORAMIENTO DE VÍA LA TOLA - EL CHARCO EN EL DEPARTAMENTO DE NARIÑO
A8: Ítem | C8: Descripción | D8: UNIDAD | E8: CANTIDAD | F8: VALOR UNITARIO | G8: PRECIO TOTAL
A9: PROGRAMA PARA EL MANEJO Y APLICACIÓN DE LA GESTIÓN AMBIENTAL
A10: PMA - 01.01 | C10: ALQUILER DE UNIDADES SANITARIAS MÓVILES (2 UNIDADES) PARA DOS (2) FRENTES DE TRABAJO | D10: MES | E10: ='Transporte y viáticos'!F8 -> 1 | F10: ='APU''s PMA'!I52 -> 949264.4 | G10: =PRODUCT(E10:F10) -> 949264.4
A11: PROGRAMA DE MANEJO INTEGRAL DE RESIDUOS SOLIDOS DEL PROCESO CONSTRUCTIVO
A12: PMA - 02.01 | C12: PUNTO ECOLÓGICO PARA CLASIFICACIÓN Y DISPOSICIÓN DE RESIDUOS SOLIDOS ORDINARIOS | D12: UND | E12: 2 | F12: ='APU''s PMA'!I100 -> 366803.6 | G12: =PRODUCT(E12:F12) -> 733607.2
A13: PMA - 02.02 | C13: CARGUE, TRANSPORTE Y DISPOSICIÓN FINAL DE RESIDUOS SÓLIDOS NO PELIGROSOS (DESMONTAJE DE CAMPAMENTOS, SEÑALIZACIONES, ETC.) | D13: UND | E13: 1 | F13: ='APU''s PMA'!I148 -> 504004.45 | G13: =PRODUCT(E13:F13) -> 504004.45
A14: PROGRAMA DE MANEJO INTEGRAL DE RESIDUOS SOLIDOS DEL PROCESO CONSTRUCTIVO
A15: PMA - 03.01 | C15: SUMINISTRO E INSTALACIÓN DE SEÑALES REGLAMENTARIAS FIJAS | D15: UND | E15: =E10 -> 1 | F15: ='APU''s PMA'!I196 -> 83295.26 | G15: =PRODUCT(E15:F15) -> 83295.26
A16: PMA - 03.02 | C16: SUMINISTRO DE SEÑALES PARA MANEJO DE TRÁNSITO | D16: UND | E16: 2 | F16: ='APU''s PMA'!I244 -> 88441.67 | G16: =PRODUCT(E16:F16) -> 176883.34
A17: PROGRAMA DE GESTIÓN DE SALUD Y SEGURIDAD EN EL TRABAJO SGSST
A18: PMA - 04.01 | C18: EXAMEN MEDICO OCUPACIONAL(INGRESO, PERIÓDICO Y RETIRO) Y SEGUIMIENTO A CONCEPTOS MÉDICOS | D18: UND | E18: 54 | F18: ='APU''s PMA'!I292 -> 65000 | G18: =PRODUCT(E18:F18) -> 3510000
A19: PMA - 04.02 | C19: LEGALIZACIÓN PERSONAL PARA TRABAJO EN ALTURAS (CERTIFICADO DE ALTURAS Y ELEMENTOS DE PROTECCIÓN CONTRA CAÍDAS "EXCAVACIONES PROFUNDAS MAYORES A 1,5 GUÍA TRABAJO SEGURO EN EXCAVACIONES - MINISTERIO DEL TRABAJO) | D19: UND | E19: 1 | F19: ='APU''s PMA'!I340 -> 565612 | G19: =PRODUCT(E19:F19) -> 565612
A20: PMA - 04.03 | C20: SEÑALIZACIÓN Y EQUIPO DE EMERGENCIA (CAMILLA, EXTINTOR BOTIQUÍN Y SEÑALIZACIÓN) | D20: UND | E20: 1 | F20: ='APU''s PMA'!I388 -> 519545.26 | G20: =PRODUCT(E20:F20) -> 519545.26
A21: PROGRAMA DE GESTIÓN SOCIAL
A22: PMA - 05.01 | C22: SOCIALIZACIÓN DEL PROYECTO | D22: UND | E22: 1 | F22: ='APU''s PMA'!I436 -> 468323.5 | G22: =PRODUCT(E22:F22) -> 468323.5
A23: SUPERVISIÓN DE EJECUCIÓN DE PLAN DE MANEJO AMBIENTAL Y SISTEMA DE GESTIÓN DE SEGURIDAD Y SALUD EN EL TRABAJO
A24: PMA - SST | C24: SUPERVISIÓN DE LA EJECUCIÓN DE PMA Y SGSST | D24: MES | E24: =E10 -> 1 | F24: ='APU''s PMA'!I475 -> 1067625 | G24: =PRODUCT(E24:F24) -> 1067625
A26: COSTO DIRECTO DEL PLAN DE MANEJO AMBIENTAL | G26: =SUM(G10:G24) -> 8578160.4
A27: FACTOR MULTIPLICADOR | G27: =FM!G64 -> 2.6824804
A28: IVA | G28: 0.19
A29: COSTO TOTAL DEL PLAN DE MANEJO AMBIENTAL | G29: =SUM(G10:G24)*G27*(1+G28) -> 27382789
C36: INGENIERA CIVIL. MILEIDY ALEJANDRA HERRERA ORJUELA
C37: SECRETARIA DE PLANEACIÓN
C38: MUNICIPIO DE LA TOLA
C39: DEPARTAMENTO DE NARIÑO

Sheet APU's PMA
C1: ANÁLISIS DE PRECIOS UNITARIOS (PMA)
C3: =Resumen!C3 -> ESTUDIOS Y DISEÑOS PARA EL MEJORAMIENTO DE LA CARRETERA ENTRE LA VEREDA LA GUAYACANA PR0 + 85 DE LA RUTA 10 TRAMO 1001 A LA CABECERA DEL MUNICIPIO DE ROBERTO PAYAN, DEPARTAMENTO DE NARIÑO.
B7: ITEM | C7: =PMA!$A$10 -> PMA - 01.01 | D7: =PMA!$C$10 -> ALQUILER DE UNIDADES SANITARIAS MÓVILES (2 UNIDADES) PARA DOS (2) FRENTES DE TRABAJO | I7: UND | J7: =PMA!$D$10 -> MES
B12: I. EQUIPOS
B14: Descripción | F14: Unidad | G14: Tarifa | H14: Rendimiento | I14: Total equipos
B15: Alquiler y mantenimiento baños portatiles | F15: UND/MES | G15: 450000 | H15: 2 | I15: =PRODUCT(F15:H15) -> 900000
B20: SUBTOTAL | I20: =SUM(I15:J19) -> 900000
B22: II. MATERIALES DE OBRA
B24: Descripción | F24: Unidad | G24: C. Unitario | H24: Cantidad | I24: Total materiales
B30: SUBTOTAL | I30: =SUM(I25:J29) -> 0
B32: III. MANO DE OBRA
B34: Descripción | F34: Cantidad | G34: Salario | H34: Rendimiento | I34: Total mano obra
B35: =Salarios!$A$38 -> Obreros | F35: 1 | G35: =Salarios!$E$38 -> 1423500 | H35: =2*0.5/30 -> 0.033333333 | I35: =PRODUCT(F35:H35) -> 47450
B40: SUBTOTAL | I40: =SUM(I35:J39) -> 47450
B42: IV. TRANSPORTE
B44: Descripción | E44: Unidad | F44: Tarifa | G44: Cantidad | H44: Distancia | I44: Total transporte
B45: =Transporte!A11 -> Transporte de baño portátil | E45: =Transporte!D11 -> Und-Km | F45: =Transporte!E11 -> 20.16 | G45: =H15/PMA!E10 -> 2 | H45: =Distancias!$E$10 -> 45 | I45: =PRODUCT(F45:H45) -> 1814.4
B50: SUBTOTAL | I50: =SUM(I45:J49) -> 1814.4
B52: TOTAL | I52: =ROUND(SUM(I15:J50)/2,2) -> 949264.4
B55: ITEM | C55: =PMA!$A$12 -> PMA - 02.01 | D55: =PMA!$C$12 -> PUNTO ECOLÓGICO PARA CLASIFICACIÓN Y DISPOSICIÓN DE RESIDUOS SOLIDOS ORDINARIOS | I55: UND | J55: =PMA!$D$12 -> UND
B60: I. EQUIPOS
B62: Descripción | F62: Unidad | G62: Tarifa | H62: Rendimiento | I62: Total equipos
B68: SUBTOTAL | I68: =SUM(I63:J67) -> 0
B70: II. MATERIALES DE OBRA
B72: Descripción | F72: Unidad | G72: C. Unitario | H72: Cantidad | I72: Total materiales
B73: Punto ecológico de 55 L-3 puestos, incluye estructura | F73: UND | G73: 318900 | H73: 1 | I73: =PRODUCT(G73:H73) -> 318900
B78: SUBTOTAL | I78: =SUM(I73:J77) -> 318900
B80: III. MANO DE OBRA
B82: Descripción | F82: Cantidad | G82: Jornal total | H82: Rendimiento | I82: Total mano obra
B83: =Salarios!$A$38 -> Obreros | F83: 1 | G83: =Salarios!$E$38 -> 1423500 | H83: =1/30 -> 0.033333333 | I83: =PRODUCT(F83:H83) -> 47450
B88: SUBTOTAL | I88: =SUM(I83:J87) -> 47450
B90: IV. TRANSPORTE
B92: Descripción | E92: Unidad | F92: Tarifa | G92: Cantidad | H92: Distancia | I92: Total transporte
B93: =Transporte!$A$12 -> Transporte de punto ecológico | E93: =Transporte!$D$12 -> Und-Km | F93: =Transporte!$E$12 -> 10.08 | G93: =H73 -> 1 | H93: =Distancias!$E$10 -> 45 | I93: =PRODUCT(F93:H93) -> 453.6
B98: SUBTOTAL | I98: =SUM(I93:J97) -> 453.6
B100: TOTAL | I100: =ROUND(SUM(I63:J98)/2,2) -> 366803.6
B103: ITEM | C103: =PMA!$A$13 -> PMA - 02.02 | D103: =PMA!$C$13 -> CARGUE, TRANSPORTE Y DISPOSICIÓN FINAL DE RESIDUOS SÓLIDOS NO PELIGROSOS (DESMONTAJE DE CAMPAMENTOS, SEÑALIZACIONES, ETC.) | I103: UND | J103: =PMA!$D$13 -> UND
B108: I. EQUIPOS
B110: Descripción | F110: Unidad | G110: Tarifa | H110: Rendimiento | I110: Total equipos
B116: SUBTOTAL | I116: =SUM(I111:J115) -> 0
B118: II. MATERIALES DE OBRA
B120: Descripción | F120: Unidad | G120: C. Unitario | H120: Cantidad | I120: Total materiales
B121: =Salarios!$A$38 -> Obreros | F121: 1 | G121: =Salarios!$E$38 -> 1423500 | H121: =0.5/30 -> 0.016666667 | I121: =PRODUCT(F121:H121) -> 23725
B126: SUBTOTAL | I126: =SUM(I121:J125) -> 23725
B128: III. MANO DE OBRA
B130: Descripción | F130: Cantidad | G130: Jornal total | H130: Rendimiento | I130: Total mano obra
B131: =Salarios!$A$38 -> Obreros | F131: 2 | G131: =Salarios!$E$38 -> 1423500 | H131: =5/30 -> 0.16666667 | I131: =PRODUCT(F131:H131) -> 474500
B136: SUBTOTAL | I136: =SUM(I131:J135) -> 474500
B138: IV. TRANSPORTE
B140: Descripción | E140: Unidad | F140: Tarifa | G140: Cantidad | H140: Distancia | I140: Total transporte
B141: =Transporte!$A$8 -> Transporte de material desmontado | E141: =Transporte!$D$8 -> T-Km | F141: =Transporte!$E$8 -> 1155.89 | G141: 1 | H141: =Distancias!$E$11 -> 5 | I141: =PRODUCT(F141:H141) -> 5779.45
B146: SUBTOTAL | I146: =SUM(I141:J145) -> 5779.45
B148: TOTAL | I148: =ROUND(SUM(I111:J146)/2,2) -> 504004.45
B151: ITEM | C151: =PMA!$A$15 -> PMA - 03.01 | D151: =PMA!$C$15 -> SUMINISTRO E INSTALACIÓN DE SEÑALES REGLAMENTARIAS FIJAS | I151: UND | J151: =PMA!$D$15 -> UND
B156: I. EQUIPOS
B158: Descripción | F158: Unidad | G158: Tarifa | H158: Rendimiento | I158: Total equipos
B164: SUBTOTAL | I164: =SUM(I159:J163) -> 0
B166: II. MATERIALES DE OBRA
B168: Descripción | F168: Unidad | G168: C. Unitario | H168: Cantidad | I168: Total materiales
B169: Señalizador vial tubular en PVC para señalización provisional de obra | F169: UND | G169: 35845.261 | H169: 1 | I169: =PRODUCT(G169:H170) -> 35845.261
B174: SUBTOTAL | I174: =SUM(I169:J173) -> 35845.261
B176: III. MANO DE OBRA
B178: Descripción | F178: Cantidad | G178: Jornal total | H178: Rendimiento | I178: Total mano obra
B179: =Salarios!$A$38 -> Obreros | F179: 1 | G179: =Salarios!$E$38 -> 1423500 | H179: =1/30 -> 0.033333333 | I179: =PRODUCT(F179:H179) -> 47450
B184: SUBTOTAL | I184: =SUM(I179:J183) -> 47450
B186: IV. TRANSPORTE
B188: Descripción | E188: Unidad | F188: Tarifa | G188: Cantidad | H188: Distancia | I188: Total transporte
B194: SUBTOTAL | I194: =SUM(I189:J193) -> 0
B196: TOTAL | I196: =ROUND(SUM(I159:J194)/2,2) -> 83295.26
B199: ITEM | C199: =PMA!$A$16 -> PMA - 03.02 | D199: =PMA!$C$16 -> SUMINISTRO DE SEÑALES PARA MANEJO DE TRÁNSITO | I199: UND | J199: =PMA!$D$16 -> UND
B204: I. EQUIPOS
B206: Descripción | F206: Unidad | G206: Tarifa | H206: Rendimiento | I206: Total equipos
B212: SUBTOTAL | I212: =SUM(I207:J211) -> 0
B214: II. MATERIALES DE OBRA
B216: Descripción | F216: Unidad | G216: C. Unitario | H216: Cantidad | I216: Total materiales
B217: Paleta de pare y siga de 45 cm | F217: UND | G217: 67541.672 | H217: 1 | I217: =PRODUCT(G217:H217) -> 67541.672
B218: Cinta peligro 70mmx100m | F218: ROLLO | G218: 20900 | H218: 1 | I218: =PRODUCT(G218:H218) -> 20900
B222: SUBTOTAL | I222: =SUM(I217:J221) -> 88441.672
B224: III. MANO DE OBRA
B226: Descripción | F226: Cantidad | G226: Jornal total | H226: Rendimiento | I226: Total mano obra
B232: SUBTOTAL | I232: =SUM(I227:J231) -> 0
B234: IV. TRANSPORTE
B236: Descripción | E236: Unidad | F236: Tarifa | G236: Cantidad | H236: Distancia | I236: Total transporte
B242: SUBTOTAL | I242: =SUM(I237:J241) -> 0
B244: TOTAL | I244: =ROUND(SUM(I207:J242)/2,2) -> 88441.67
B247: ITEM | C247: =PMA!$A$18 -> PMA - 04.01 | D247: =PMA!$C$18 -> EXAMEN MEDICO OCUPACIONAL(INGRESO, PERIÓDICO Y RETIRO) Y SEGUIMIENTO A CONCEPTOS MÉDICOS | I247: UND | J247: =PMA!$D$18 -> UND
B252: I. EQUIPOS
B254: Descripción | F254: Unidad | G254: Tarifa | H254: Rendimiento | I254: Total equipos
B260: SUBTOTAL | I260: =SUM(I255:J259) -> 0
B262: II. MATERIALES DE OBRA
B264: Descripción | F264: Unidad | G264: C. Unitario | H264: Cantidad | I264: Total materiales
B270: SUBTOTAL | I270: =SUM(I265:J269) -> 0
B272: III. MANO DE OBRA
B274: Descripción | F274: Cantidad | G274: Jornal total | H274: Rendimiento | I274: Total mano obra
B275: Examen médico ocupacional | F275: 1 | G275: 65000 | H275: 1 | I275: =G275*H275 -> 65000
B280: SUBTOTAL | I280: =SUM(I275:J279) -> 65000
B282: IV. TRANSPORTE
B284: Descripción | E284: Unidad | F284: Tarifa | G284: Cantidad | H284: Distancia | I284: Total transporte
B290: SUBTOTAL | I290: =SUM(I285:J289) -> 0
B292: TOTAL | I292: =ROUND(SUM(I255:J290)/2,2) -> 65000
...

Sheet Equipos
B1: TARIFAS DE EQUIPOS
B3: =Resumen!C3 -> ESTUDIOS Y DISEÑOS PARA EL MEJORAMIENTO DE LA CARRETERA ENTRE LA VEREDA LA GUAYACANA PR0 + 85 DE LA RUTA 10 TRAMO 1001 A LA CABECERA DEL MUNICIPIO DE ROBERTO PAYAN, DEPARTAMENTO DE NARIÑO.
A7: Descripción | D7: Unidad | E7: Tarifa | F7: Cotización
A8: Motosierra, 4.5 HP - 7.1 HP, longitud de espada 45-90 cm | D8: Hora | E8: 7486.76 | F8: APU INVIAS 5203 - C0010620
A9: Estación Total con precisión angular de 6". Precisión lineal 2 mm ± 2 ppm | D9: Día | E9: =8*(19990.407477996*1.052) -> 168239.27 | F9: APU INVIAS 5203 - C0010420
A10: Placas de georeferenciación | D10: Und | E10: 600000 | F10: INGENIO TOPOGRAFIA SAS
C20: JAIBER ARBEI MARTINEZ MONROY
C21: INGENIERO CIVIL
H39: 70
L49: =+I49+L52 -> 3163299872
L50: =+L51-L49 -> 0
L51: =+L50+L49 -> 3163299872
L52: =+L51-I51 -> 3163299872
L54: =+L50+I49 -> 0
L55: 3374478813

Sheet Transporte
B1: TARIFAS DE TRANSPORTE
B3: =Resumen!C3 -> ESTUDIOS Y DISEÑOS PARA EL MEJORAMIENTO DE LA CARRETERA ENTRE LA VEREDA LA GUAYACANA PR0 + 85 DE LA RUTA 10 TRAMO 1001 A LA CABECERA DEL MUNICIPIO DE ROBERTO PAYAN, DEPARTAMENTO DE NARIÑO.
A7: Descripción | D7: Unidad | E7: Tarifa | F7: Cotización
A8: Transporte de material desmontado | D8: T-Km | E8: 1155.89 | F8: APU INVIAS 5203 - T0010040
A9: Transporte de acero | D9: Kg-Km | E9: 0.86 | F9: APU INVIAS 5203 - T0100002
A10: Transporte de agregados | D10: M3-Km | E10: 1452.11 | F10: APU INVIAS 5203 - T0010400
A11: Transporte de baño portátil | D11: Und-Km | E11: =12*1.68 -> 20.16 | F11: APU INVIAS 5203 - T0010114
A12: Transporte de punto ecológico | D12: Und-Km | E12: =6*1.68 -> 10.08 | F12: APU INVIAS 5203 - T0010114
A13: Transporte de personas Pasto-Tumaco | D13: Pasaje | E13: 70000 | F13: Terminal de transporte
A14: Transporte de personas Tumaco-Ronberto Payan | D14: Pasaje | E14: 170000 | F14: Terminal de transporte
A15: Transporte de personal Pasto- Roberto Payan ida y vuelta | D15: Pasaje | E15: =SUM(E13:E14)*2 -> 480000 | F15: Terminal de transporte
C23: JAIBER ARBEI MARTINEZ MONROY
C24: INGENIERO CIVIL
H39: 70
L49: =+I49+L52 -> 3163299872
L50: =+L51-L49 -> 0
L51: =+L50+L49 -> 3163299872
L52: =+L51-I51 -> 3163299872
L54: =+L50+I49 -> 0
L55: 3374478813

Sheet Distancias
B1: DISTANCIAS DE TRANSPORTE
B3: =Resumen!C3 -> ESTUDIOS Y DISEÑOS PARA EL MEJORAMIENTO DE LA CARRETERA ENTRE LA VEREDA LA GUAYACANA PR0 + 85 DE LA RUTA 10 TRAMO 1001 A LA CABECERA DEL MUNICIPIO DE ROBERTO PAYAN, DEPARTAMENTO DE NARIÑO.
A7: Origen | C7: Destino | D7: Distancia (m) | E7: Distancia (Km)
A8: Pasto | C8: La Guayacana (Tumaco) | D8: 207000 | E8: 207
A9: Tumaco | C9: La Guayacana (Tumaco) | D9: 67200 | E9: 67.2
A10: La Guayacana (Tumaco) | C10: Cabecera Municipal Roberto Payan | D10: 45000 | E10: 45
A11: Frente de trabajo | C11: ZODME | D11: 5000 | E11: =D11/1000 -> 5
A12: Distancia Pasto - La Guayacana (Tumaco)
A34: Distancia Tumaco - La Guayacana (Tumaco)
H39: 70
L49: =+I49+L52 -> 3163299872
L50: =+L51-L49 -> 0
L51: =+L50+L49 -> 3163299872
L52: =+L51-I51 -> 3163299872
L54: =+L50+I49 -> 0
L55: 3374478813
A58: Distancia La Guayacana (Tumaco) - 'Cabecera Municipal Roberto Payan
B91: JAIBER ARBEI MARTINEZ MONROY
B92: INGENIERO CIVIL

Sheet Documentos
B1: COSTO EXPEDICIÓN DE DOCUMENTOS
B3: =Resumen!C3 -> ESTUDIOS Y DISEÑOS PARA EL MEJORAMIENTO DE LA CARRETERA ENTRE LA VEREDA LA GUAYACANA PR0 + 85 DE LA RUTA 10 TRAMO 1001 A LA CABECERA DEL MUNICIPIO DE ROBERTO PAYAN, DEPARTAMENTO DE NARIÑO.
A7: Descripción | D7: Unidad | E7: Tarifa | F7: Cotización
A8: Ficha Catastral | D8: UND | E8: 65100 | F8: Resolución IGAC N°340-2024-Cod. 20
A9: Certificado Plano Catastral | D9: UND | E9: 49900 | F9: Resolución IGAC N°340-2024-Cod. 30
A10: Carta Catastral | D10: UND | E10: 55000 | F10: Resolución IGAC N°340-2024-Cod. 1652
A11: Compra de certificados de tradición y libertad | D11: UND | E11: 20900 | F11: https://www.radionacional.co/actualidad/economia/certificado-de-tradicion-y-libertad-2024-precios-y-pasos-para-descargarlo
C19: JAIBER ARBEI MARTINEZ MONROY
C20: INGENIERO CIVIL
H39: 70
L49: =+I49+L52 -> 3163299872
L50: =+L51-L49 -> 0
L51: =+L50+L49 -> 3163299872
L52: =+L51-I51 -> 3163299872
L54: =+L50+I49 -> 0
L55: 3374478813

Sheet Suelos
B1: COSTO EXPEDICIÓN DE ESTUDIOS DE SUELOS
B3: =Resumen!C3 -> ESTUDIOS Y DISEÑOS PARA EL MEJORAMIENTO DE LA CARRETERA ENTRE LA VEREDA LA GUAYACANA PR0 + 85 DE LA RUTA 10 TRAMO 1001 A LA CABECERA DEL MUNICIPIO DE ROBERTO PAYAN, DEPARTAMENTO DE NARIÑO.
A7: Descripción | D7: Unidad | E7: Tarifa | F7: Cotización
A8: Trabajo de Perforación sondeos | D8: ML | E8: 127400 | F8: GEOZAM
A9: Granulometrías | D9: UND | E9: 60270 | F9: GEOZAM
A10: Limites de Atterberg | D10: UND | E10: 78400 | F10: GEOZAM
A11: Humedades | D11: UND | E11: 34300 | F11: GEOZAM
A12: Peso Unitario | D12: UND | E12: 24500 | F12: GEOZAM
A13: Corte Directo | D13: UND | E13: 313600 | F13: GEOZAM
A14: Compresión simple | D14: UND | E14: 67844.7 | F14: GEOZAM
A15: Expansividad | D15: UND | E15: 140196.87 | F15: GEOZAM
A16: Ensayo Proctor modificado | D16: UND | E16: 208493.01 | F16: GEOZAM
A17: Ensayo CBR de laboratorio | D17: UND | E17: 392935.95 | F17: GEOZAM
A18: Contenido de sulfatos solubles | D18: UND | E18: 61082.703 | F18: GEOZAM
A19: Contenido de materia orgánica | D19: UND | E19: 61082.703 | F19: GEOZAM
... A21: Ensayo Gravedad Específica I.N.V.E. - 128. | D21: UND | E21: 81634 | F21: GEOZAM
C28: JAIBER ARBEI MARTINEZ MONROY
C29: INGENIERO CIVIL
H39: 70
L49: =+I49+L52 -> 3163299872
L50: =+L51-L49 -> 0
L51: =+L50+L49 -> 3163299872
L52: =+L51-I51 -> 3163299872
L54: =+L50+I49 -> 0
L55: 3374478813

Sheet FM Intv.
D1: FACTOR MULTIPLICADOR
D3: =INTERVENTORÍA!C3 -> ESTUDIOS Y DISEÑOS PARA EL MEJORAMIENTO DE LA CARRETERA ENTRE LA VEREDA LA GUAYACANA PR0 + 85 DE LA RUTA 10 TRAMO 1001 A LA CABECERA DEL MUNICIPIO DE ROBERTO PAYAN, DEPARTAMENTO DE NARIÑO.
B7: 01. Salarios y Prestaciones Sociales de Personal Facturable
B8: Ítem | C8: Descripción | G8: Porcentaje
B9: 1.01 | C9: Salarios | G9: 1
B10: 1.02 | C10: Prima anual (legal) | E10: 1 | F10: ÷ 12 = | G10: 0.0833
B11: 1.03 | C11: Cesantía | E11: 1 | F11: ÷ 12 = | G11: 0.0833
B12: 1.04 | C12: Intereses de cesantía | G12: 0.01
B13: 1.05 | C13: Vacaciones | G13: 0.0417
B14: 1.06 | C14: Seguridad Social (salud (12,5%) + pensión (16%)) | G14: 0.205
B15: 1.07 | C15: Caja de Compensación Familiar | G15: 0.04
B16: 1.08 | C16: ARP (Riesgos Profesionales) | G16: 0.0696
B17: 1.09 | C17: Sena | G17: 0.02
B18: 1.1 | C18: ICBF | G18: 0.03
B19: Subtotal | G19: =SUM(G9:H18) -> 1.5829
B21: 02. Gastos Directos
B22: Ítem | C22: Descripción | G22: Porcentaje
B23: 2.01 | C23: Arriendo oficina | G23: 0.04
B24: 2.02 | C24: Administración oficina | G24: 0.005
B25: 2.03 | C25: Servicios públicos | G25: 0.005
B26: 2.04 | C26: Transporte, viáticos y alojamiento (veredas distantes) | G26: ='Transporte y viáticos Intv.'!G13 -> 0.1201
B27: 2.05 | C27: Edición, informes, fotocopias, impresión planos y otros | G27: 0.005
B28: 2.06 | C28: Comunicaciones (teléfono, celular, fax, correo, etc.) | G28: 0.003
B29: Subtotal | G29: =SUM(G23:H28) -> 0.1781
B31: 03. Gastos Generales
B32: Ítem | C32: Descripción | G32: Porcentaje
B33: 3.01 | C33: Preparación de Propuesta | G33: 0.005
B34: 3.02 | C34: Asesoria Contable Tributaria y Juridica
B35: 3.03 | C35: Equipos y Mantenimiento Oficina | G35: 0.01
B36: 3.04 | C36: Seguimiento y control exploración geotecnica y analaisis de ensayos de suelos | G36: 0.15
B37: Subtotal | G37: =SUM(G33:H36) -> 0.165
B39: 04. Costos Directos No Reembolsables
B40: Ítem | C40: Descripción | G40: Porcentaje
B41: 4.01 | C41: Póliza de Calidad | G41: 0.002
B42: 4.02 | C42: Póliza Cumplimiento | G42: 0.002
B43: 4.03 | C43: Póliza Salarios y Prestaciones Sociales | G43: 0.0015
B44: 4.04 | C44: Póliza de Anticipo | G44: 0.001
B45: Subtotal | G45: =SUM(G41:H44) -> 0.0065
B47: 05. Honorarios
B48: Ítem | C48: Descripción | G48: Porcentaje
B49: 5.01 | C49: Utilidad del Consultor | G49: 0.1 | L49: =+I49+L52 -> 3163299872
B50: Subtotal | G50: =SUM(G49:H49) -> 0.1 | L50: =+L51-L49 -> 0
L51: =+L50+L49 -> 3163299872
B52: 06. Gravámenes | L52: =+L51-I51 -> 3163299872
B53: Ítem | C53: Descripción | G53: Porcentaje
B54: 6.01 | C54: Estampilla UDENAR | G54: 0.005 | L54: =+L50+I49 -> 0
B55: 6.02 | C55: Tasa Pro- Deporte y recreacón Departamental | G55: 0.02 | L55: 3374478813
B56: 6.03 | C56: Tasa Pro- Deporte y recreacón Municipal | G56: 0.015
B57: 6.04 | C57: Estampilla Pro Cultura | G57: 0.015
B58: 6.05 | C58: Estampilla Pro Adulto Mayor | G58: 0.04
B59: 6.06 | C59: Estampilla para la justicia familiar | G59: 0.02
B60: Total gravámenes | G60: =SUM(G54:H59) -> 0.115
B61: Subtotal | G61: =ROUND(G60*SUM(G19,G29,G37,G45,G50),4) -> 0.2337
B63: FACTOR MULTIPLICADOR | G63: =ROUND(SUM(G19,G29,G37,G45,G50,G61),2) -> 2.27
C70: JAIBER ARBEI MARTINEZ MONROY
C71: INGENIERO CIVIL

Sheet Transporte y viáticos Intv.
C1: FACTOR MULTIPLICADOR-TRANSPORTE Y VIÁTICOS
C3: =INTERVENTORÍA!C3 -> ESTUDIOS Y DISEÑOS PARA EL MEJORAMIENTO DE LA CARRETERA ENTRE LA VEREDA LA GUAYACANA PR0 + 85 DE LA RUTA 10 TRAMO 1001 A LA CABECERA DEL MUNICIPIO DE ROBERTO PAYAN, DEPARTAMENTO DE NARIÑO.
B7: Descripción | D7: Unidad | E7: Tarifa | F7: Cantidad | G7: Total equipos
B8: Servicio público de transporte terrestre automotor mediante vehículo tipo camioneta doble cabina 4x4 modelo 2015 en adelante, con disponibilidad las 24 horas 30 días del mes, con capacidad para cuatro (4) personas. | D8: Mes | E8: 10492867 | F8: 1 | G8: =PRODUCT(E8:F8) -> 10492867 | L8: =0.25*30*6 -> 45
B9: Transporte de personal Pasto- Roberto Payan ida y vuelta | D9: Pasaje | E9: 480000 | F9: =2*2+1*2 -> 6 | G9: =PRODUCT(E9:F9) -> 2880000
B10: Alojamiento de personal | D10: Mes | E10: =30*60000 -> 1800000 | F10: 1 | G10: =PRODUCT(E10:F10) -> 1800000 | AB10: =#REF!/2+#REF!+#REF!+#REF! -> #REF!
B11: Alimentación del personal | D11: Mes | E11: =30*50000 -> 1500000 | F11: 1 | G11: =PRODUCT(E11:F11) -> 1500000
B12: SUBTOTAL | G12: =SUM(G8:H11) -> 16672867
B13: SUBTOTAL | G13: =ROUND(G12/INTERVENTORÍA!H34,4) -> 0.1201
AB15: 12
C21: JAIBER ARBEI MARTINEZ MONROY
C22: INGENIERO CIVIL
H39: 70
L49: =+I49+L52 -> 3163299872
L50: =+L51-L49 -> 0
L51: =+L50+L49 -> 3163299872
L52: =+L51-I51 -> 3163299872
L54: =+L50+I49 -> 0
L55: 3374478813

Sheet Estudios y documentos
C1: ANÁLISIS DE PRECIOS UNITARIOS
C3: =Resumen!C3 -> ESTUDIOS Y DISEÑOS PARA EL MEJORAMIENTO DE LA CARRETERA ENTRE LA VEREDA LA GUAYACANA PR0 + 85 DE LA RUTA 10 TRAMO 1001 A LA CABECERA DEL MUNICIPIO DE ROBERTO PAYAN, DEPARTAMENTO DE NARIÑO.
B7: ITEM | C7: 08.A | D7: Ensayos de laboratorio para subrasante natural Se estiman apiques cada 250 metros lineales. | I7: UND | J7: UND
B12: Descripción | F12: Unidad | G12: C. Unitario | H12: Cantidad | I12: Total ensayos
B13: =Suelos!$A$9 -> Granulometrías | F13: =Suelos!$D$9 -> UND | G13: =Suelos!$E$9 -> 60270 | H13: 1 | I13: =PRODUCT(G13:H13) -> 60270
B14: =Suelos!$A$10 -> Limites de Atterberg | F14: =Suelos!$D$10 -> UND | G14: =Suelos!$E$10 -> 78400 | H14: 1 | I14: =PRODUCT(G14:H14) -> 78400
B15: =Suelos!$A$11 -> Humedades | F15: =Suelos!$D$11 -> UND | G15: =Suelos!$E$11 -> 34300 | H15: 1 | I15: =PRODUCT(G15:H15) -> 34300
B16: =Suelos!$A$12 -> Peso Unitario | F16: =Suelos!$D$12 -> UND | G16: =Suelos!$E$12 -> 24500 | H16: 1 | I16: =PRODUCT(G16:H16) -> 24500
B17: =Suelos!$A$19 -> Contenido de materia orgánica | F17: =Suelos!$D$19 -> UND | G17: =Suelos!$E$19 -> 61082.703 | H17: 1 | I17: =PRODUCT(G17:H17) -> 61082.703
B18: Ensayo CBR de laboratorio (en laboratorio realizarse en condiciones sumergidas). | F18: =Suelos!$D$17 -> UND | G18: =Suelos!$E$17 -> 392935.95 | H18: 1 | I18: =PRODUCT(G18:H18) -> 392935.95
B19: =Suelos!$A$15 -> Expansividad | F19: =Suelos!$D$15 -> UND | G19: =Suelos!$E$15 -> 140196.87 | H19: 1 | I19: =PRODUCT(G19:H19) -> 140196.87
B20: =Suelos!$A$16 -> Ensayo Proctor modificado | F20: =Suelos!$D$16 -> UND | G20: =Suelos!$E$16 -> 208493.01 | H20: 1 | I20: =PRODUCT(G20:H20) -> 208493.01
B21: SUBTOTAL | I21: =SUM(I13:J20) -> 1000178.5
B23: ITEM | C23: 08.B | D23: Ensayos de laboratorio en materiales para terraplenes | I23: UND | J23: UND
B28: Descripción | F28: Unidad | G28: C. Unitario | H28: Cantidad | I28: Total ensayos
B29: =Suelos!$A$9 -> Granulometrías | F29: =Suelos!$D$9 -> UND | G29: =Suelos!$E$9 -> 60270 | H29: 1 | I29: =PRODUCT(G29:H29) -> 60270
B30: =Suelos!$A$10 -> Limites de Atterberg | F30: =Suelos!$D$10 -> UND | G30: =Suelos!$E$10 -> 78400 | H30: 1 | I30: =PRODUCT(G30:H30) -> 78400
B31: =Suelos!$A$19 -> Contenido de materia orgánica | F31: =Suelos!$D$19 -> UND | G31: =Suelos!$E$19 -> 61082.703 | H31: 1 | I31: =PRODUCT(G31:H31) -> 61082.703
B32: =Suelos!$A$17 -> Ensayo CBR de laboratorio | F32: =Suelos!$D$17 -> UND | G32: =Suelos!$E$17 -> 392935.95 | H32: 1 | I32: =PRODUCT(G32:H32) -> 392935.95
B33: =Suelos!$A$16 -> Ensayo Proctor modificado | F33: =Suelos!$D$16 -> UND | G33: =Suelos!$E$16 -> 208493.01 | H33: 1 | I33: =PRODUCT(G33:H33) -> 208493.01
B34: =Suelos!$A$18 -> Contenido de sulfatos solubles | F34: =Suelos!$D$18 -> UND | G34: =Suelos!$E$18 -> 61082.703 | H34: 1 | I34: =PRODUCT(G34:H34) -> 61082.703
B35: =Suelos!$A$20 -> Índice de colapso | F35: =Suelos!$D$20 -> UND | G35: =Suelos!$E$20 -> 313600 | H35: 1 | I35: =PRODUCT(G35:H35) -> 313600
B36: SUBTOTAL | I36: =SUM(I29:J35) -> 1175864.4
B38: ITEM | C38: 09.A | D38: Ensayos de laboratorio para fundaciones Puentes Se estiman la realizacion de 29 puentes en la obra y 6 metros lineales de exploración en cada uno. | I38: UND | J38: UND
B43: Descripción | F43: Unidad | G43: C. Unitario | H43: Cantidad | I43: Total ensayos
B44: =Suelos!$A$9 -> Granulometrías | F44: =Suelos!$D$9 -> UND | G44: =Suelos!$E$9 -> 60270 | H44: 1 | I44: =PRODUCT(G44:H44) -> 60270
B45: =Suelos!$A$10 -> Limites de Atterberg | F45: =Suelos!$D$10 -> UND | G45: =Suelos!$E$10 -> 78400 | H45: 1 | I45: =PRODUCT(G45:H45) -> 78400
B46: =Suelos!$A$11 -> Humedades | F46: =Suelos!$D$11 -> UND | G46: =Suelos!$E$11 -> 34300 | H46: 1 | I46: =PRODUCT(G46:H46) -> 34300
B47: =Suelos!$A$12 -> Peso Unitario | F47: =Suelos!$D$12 -> UND | G47: =Suelos!$E$12 -> 24500 | H47: 1 | I47: =PRODUCT(G47:H47) -> 24500
B48: =Suelos!$A$13 -> Corte Directo | F48: =Suelos!$D$13 -> UND | G48: =Suelos!$E$13 -> 313600 | H48: 1 | I48: =PRODUCT(G48:H48) -> 313600
B49: =Suelos!$A$14 -> Compresión simple | F49: =Suelos!$D$14 -> UND | G49: =Suelos!$E$14 -> 67844.7 | H49: 1 | I49: =PRODUCT(G49:H49) -> 67844.7 | L49: =+I49+L52 -> 3.1632844e+09
B50: =Suelos!$A$15 -> Expansividad | F50: =Suelos!$D$15 -> UND | G50: =Suelos!$E$15 -> 140196.87 | H50: 1 | I50: =PRODUCT(G50:H50) -> 140196.87 | L50: =+L51-L49 -> 15455.3
B51: Ensayo Gravedad Específica I.N.V.E. - 128. | F51: UND | G51: 83300 | H51: 1 | I51: =PRODUCT(G51:H51) -> 83300 | L51: =+L50+L49 -> 3163299872
B52: SUBTOTAL | I52: =SUM(I44:J51) -> 802411.57 | L52: =+L51-I51 -> 3163216572
B54: ITEM | C54: 10.A | D54: Ensayos de laboratorio para fundaciones Muros Se estiman 17 muros y 6 metros lineales de exploración en cada uno | I54: UND | J54: UND | L54: =+L50+I49 -> 83300
L55: 3374478813
B59: Descripción | F59: Unidad | G59: C. Unitario | H59: Cantidad | I59: Total ensayos
B60: =Suelos!$A$9 -> Granulometrías | F60: =Suelos!$D$9 -> UND | G60: =Suelos!$E$9 -> 60270 | H60: 1 | I60: =PRODUCT(G60:H60) -> 60270
B61: =Suelos!$A$10 -> Limites de Atterberg | F61: =Suelos!$D$10 -> UND | G61: =Suelos!$E$10 -> 78400 | H61: 1 | I61: =PRODUCT(G61:H61) -> 78400
B62: =Suelos!$A$11 -> Humedades | F62: =Suelos!$D$11 -> UND | G62: =Suelos!$E$11 -> 34300 | H62: 1 | I62: =PRODUCT(G62:H62) -> 34300
B63: =Suelos!$A$12 -> Peso Unitario | F63: =Suelos!$D$12 -> UND | G63: =Suelos!$E$12 -> 24500 | H63: 1 | I63: =PRODUCT(G63:H63) -> 24500
B64: =Suelos!$A$13 -> Corte Directo | F64: =Suelos!$D$13 -> UND | G64: =Suelos!$E$13 -> 313600 | H64: 1 | I64: =PRODUCT(G64:H64) -> 313600
B65: =Suelos!$A$14 -> Compresión simple | F65: =Suelos!$D$14 -> UND | G65: =Suelos!$E$14 -> 67844.7 | H65: 1 | I65: =PRODUCT(G65:H65) -> 67844.7
B66: =Suelos!$A$15 -> Expansividad | F66: =Suelos!$D$15 -> UND | G66: =Suelos!$E$15 -> 140196.87 | H66: 1 | I66: =PRODUCT(G66:H66) -> 140196.87
B67: Ensayo Gravedad Específica I.N.V.E. - 128. | F67: UND | G67: 83300 | H67: 1 | I67: =PRODUCT(G67:H67) -> 83300
B68: SUBTOTAL | I68: =SUM(I60:J67) -> 802411.57
B70: ITEM | C70: 12.A | D70: Ensayos de materiales sobre fuentes de materiales Se estiman dos (2) fuentes de materiales | I70: UND | J70: UND
B75: Descripción | F75: Unidad | G75: C. Unitario | H75: Cantidad | I75: Total ensayos
B76: =Suelos!$A$9 -> Granulometrías | F76: =Suelos!$D$9 -> UND | G76: =Suelos!$E$9 -> 60270 | H76: 1 | I76: =PRODUCT(G76:H76) -> 60270
B77: =Suelos!$A$10 -> Limites de Atterberg | F77: =Suelos!$D$10 -> UND | G77: =Suelos!$E$10 -> 78400 | H77: 1 | I77: =PRODUCT(G77:H77) -> 78400
B78: =Suelos!$A$11 -> Humedades | F78: =Suelos!$D$11 -> UND | G78: =Suelos!$E$11 -> 34300 | H78: 1 | I78: =PRODUCT(G78:H78) -> 34300
B79: =Suelos!$A$12 -> Peso Unitario | F79: =Suelos!$D$12 -> UND | G79: =Suelos!$E$12 -> 24500 | H79: 1 | I79: =PRODUCT(G79:H79) -> 24500
B80: =Suelos!$A$13 -> Corte Directo | F80: =Suelos!$D$13 -> UND | G80: =Suelos!$E$13 -> 313600 | H80: 1 | I80: =PRODUCT(G80:H80) -> 313600
B81: SUBTOTAL | I81: =SUM(I76:J80) -> 511070
B83: ESTUDIOS DE SUELOS
B85: =Suelos!$A$8 -> Trabajo de Perforación sondeos | F85: =Suelos!$D$8 -> ML | G85: =Suelos!$E$8 -> 127400 | H85: =(H86+H87)*4 -> 960 | I85: =PRODUCT(G85:H85) -> 122304000 | K85: 08. Estabilidad
B86: ='Estudios y documentos'!D7 -> Ensayos de laboratorio para subrasante natural Se estiman apiques cada 250 metros lineales. | F86: ='Estudios y documentos'!J7 -> UND | G86: ='Estudios y documentos'!I21 -> 1000178.5 | H86: =45*4 -> 180 | I86: =PRODUCT(G86:H86) -> 1.8003214e+08 | K86: 08. Estabilidad
B87: ='Estudios y documentos'!D23 -> Ensayos de laboratorio en materiales para terraplenes | F87: ='Estudios y documentos'!J23 -> UND | G87: ='Estudios y documentos'!I36 -> 1175864.4 | H87: =H86/3 -> 60 | I87: =PRODUCT(G87:H87) -> 70551862 | K87: 08. Estabilidad
B88: =Transporte!$A$10 -> Transporte de agregados | E88: =Transporte!$D$10 -> M3-Km | F88: =Transporte!$E$10 -> 1452.11 | G88: =0.001*'Estudios y documentos'!H85 -> 0.96 | H88: =Distancias!$E$10 -> 45 | I88: =PRODUCT(F88:H88) -> 62731.152 | K88: 08. Estabilidad
B90: =Suelos!$A$8 -> Trabajo de Perforación sondeos | F90: =Suelos!$D$8 -> ML | G90: =Suelos!$E$8 -> 127400 | H90: =+H91*4 -> 116 | I90: =PRODUCT(G90:H90) -> 14778400 | K90: 09. Geotécnia puentes
B91: ='Estudios y documentos'!D38 -> Ensayos de laboratorio para fundaciones Puentes Se estiman la realizacion de 29 puentes en la obra y 6 metros lineales de exploración en cada uno. | F91: ='Estudios y documentos'!J38 -> UND | G91: ='Estudios y documentos'!I52 -> 802411.57 | H91: 29 | I91: =PRODUCT(G91:H91) -> 23269936 | K91: 09. Geotécnia puentes
B92: =Transporte!$A$10 -> Transporte de agregados | E92: =Transporte!$D$10 -> M3-Km | F92: =Transporte!$E$10 -> 1452.11 | G92: =0.001*'Estudios y documentos'!H90 -> 0.116 | H92: =Distancias!$E$10 -> 45 | I92: =PRODUCT(F92:H92) -> 7580.0142 | K92: 09. Geotécnia puentes
B94: =Suelos!$A$8 -> Trabajo de Perforación sondeos | F94: =Suelos!$D$8 -> ML | G94: =Suelos!$E$8 -> 127400 | H94: =H95*4 -> 408 | I94: =PRODUCT(G94:H94) -> 51979200 | K94: 10. Geotécnia estructuras
B95: ='Estudios y documentos'!D54 -> Ensayos de laboratorio para fundaciones Muros Se estiman 17 muros y 6 metros lineales de exploración en cada uno | F95: ='Estudios y documentos'!J54 -> UND | G95: ='Estudios y documentos'!I68 -> 802411.57 | H95: =17*6 -> 102 | I95: =PRODUCT(G95:H95) -> 81845980 | K95: 10. Geotécnia estructuras
B96: =Transporte!$A$10 -> Transporte de agregados | E96: =Transporte!$D$10 -> M3-Km | F96: =Transporte!$E$10 -> 1452.11 | G96: =0.001*'Estudios y documentos'!H94 -> 0.408 | H96: =Distancias!$E$10 -> 45 | I96: =PRODUCT(F96:H96) -> 26660.74 | K96: 10. Geotécnia estructuras
B98: ='Estudios y documentos'!D70 -> Ensayos de materiales sobre fuentes de materiales Se estiman dos (2) fuentes de materiales | F98: ='Estudios y documentos'!J70 -> UND | G98: ='Estudios y documentos'!I81 -> 511070 | H98: 2 | I98: =PRODUCT(G98:H98) -> 1022140 | K98: 12. Pavimentos
B100: TOTAL ESTUDIOS DE SUELOS | I100: =SUM(I85:J98) -> 5.4588063e+08
B101: PORCENTAJE SOBRE EL COSTO DIRECTO | I101: =I100/Resumen!$I$42 -> 0.59785607
B105: EXPEDICIÓN DE DOCUMENTOS
B107: Descripción | F107: Unidad | G107: C. Unitario | H107: Cantidad | I107: Total materiales
B108: =Documentos!$A$8 -> Ficha Catastral | F108: =Documentos!$D$8 -> UND | G108: =Documentos!$E$8 -> 65100 | H108: 45 | I108: =PRODUCT(G108:H108) -> 2929500
B109: =Documentos!$A$9 -> Certificado Plano Catastral | F109: =Documentos!$D$9 -> UND | G109: =Documentos!$E$9 -> 49900 | H109: 45 | I109: =PRODUCT(G109:H109) -> 2245500
B110: =Documentos!$A$10 -> Carta Catastral | F110: =Documentos!$D$10 -> UND | G110: =Documentos!$E$10 -> 55000 | H110: 45 | I110: =PRODUCT(G110:H110) -> 2475000
B111: =Documentos!$A$11 -> Compra de certificados de tradición y libertad | F111: =Documentos!$D$11 -> UND | G111: =Documentos!$E$11 -> 20900 | H111: 45 | I111: =PRODUCT(G111:H111) -> 940500
B112: TOTAL DOCUMENTOS | I112: =SUM(I108:J111) -> 8590500
B113: PORCENTAJE SOBRE EL COSTO DIRECTO | I113: =I112/Resumen!$I$42 -> 0.0094084353
D122: JAIBER ARBEI MARTINEZ MONROY
D123: INGENIERO CIVIL
